Workbook
Name _1Excel_BuiltIn_Print_Area_1_1_1: 'Прил 3'!$A$1:$C$35
Name _2Excel_BuiltIn_Print_Area_7_1_1: #REF!
Name _2Excel_BuiltIn_Print_Area_7_1_1: #REF!
Name _Toc105952698: 'Прил 4 '!$A$3
Name _Toc105952698: #REF!
Name Excel_BuiltIn_Print_Area_1: 'Прил 3'!$A$1:$C$35
Name Excel_BuiltIn_Print_Area_1_1: 'Прил 3'!$A$1:$C$35
Name Excel_BuiltIn_Print_Area_2: #REF!
Name Excel_BuiltIn_Print_Area_2: #REF!
Name Excel_BuiltIn_Print_Area_3: 'Прил 1'!$A$1:$C$33
Name Excel_BuiltIn_Print_Area_3_1: #REF!
Name Excel_BuiltIn_Print_Area_3_1: #REF!
Name Excel_BuiltIn_Print_Area_4: #REF!
Name Excel_BuiltIn_Print_Area_4: #REF!
Name Excel_BuiltIn_Print_Area_5: 'Прил 4 '!$A$1:$I$57
Name Excel_BuiltIn_Print_Area_5: #REF!
Name Excel_BuiltIn_Print_Area_5_1: 'Прил 4 '!$A$1:$I$57
Name Excel_BuiltIn_Print_Area_5_1: #REF!
Name Excel_BuiltIn_Print_Area_6: 'Прил 5'!$A$1:$G$60
Name Excel_BuiltIn_Print_Area_6_1: 'Прил 5'!$A$1:$G$60
Name Excel_BuiltIn_Print_Area_7: #REF!
Name Excel_BuiltIn_Print_Area_7: #REF!
Name Excel_BuiltIn_Print_Area_7_1: #REF!
Name Excel_BuiltIn_Print_Area_7_1: #REF!

Sheet Прил 1
C1: Приложение 1
C2: к решению сессии Совета депутатов Пушкинского сельского поселения "О бюджете Паевского сельского поселения Кадошкинского муниципального района Республики Мордовия на 2021 год и на плановый период 2022 и 2023 годов"
A3: ПЕРЕЧЕНЬ АДМИНИСТРАТОРОВ ДОХОДОВ БЮДЖЕТА ПУШКИНСКОГО СЕЛЬСКОГО ПОСЕЛЕНИЯ КАДОШКИНСКОГО МУНИЦИПАЛЬНОГО РАЙОНА РЕСПУБЛИКИ МОРДОВИЯ
A5: Код бюджетной классификации Российской Федерации | C5: Наименование доходов бюджета
A6: админи- стратора доходов | B6: доходов бюджета
A7: 1 | B7: 2 | C7: 3
A9: 919 | B9: Администрация Пушкинского сельского поселения Кадошкинского муниципального района Республики Мордовия
A11: 919 | B11: 1 08 04020 01 1000 110 | C11: Государственная пошлина за совершение нотариальных действий должностными лицами органов местного самоуправления, уполномоченными в соответствии с законодательными актами Российской Федерации на совершение нотариальных действий
A12: 919 | B12: 1 08 04020 01 4000 110 | C12: Государственная пошлина за совершение нотариальных действий должностными лицами органов местного самоуправления, уполномоченными в соответствии с законодательными актами Российской Федерации на совершение нотариальных действий (прочие поступления)
A13: 919 | B13: 1 11 02033 10 0000 120 | C13: Доходы от размещения временно свободных средств бюджетов сельских поселений
A14: 919 | B14: 1 11 05025 10 0000 120 | C14: Доходы, получаемые в виде арендной платы, а также средства от продажи права на заключение договоров аренды за земли, находящиеся в собственности сельских поселений (за исключением земельных участков муниципальных бюджетных и автономных учреждений)
A15: 919 | B15: 1 11 09045 10 0000 120 | C15: Прочие поступления от использования имущества, находящегося в собственности сельских поселений (за исключением имущества муниципальных бюджетных и автономных учреждений, а также имущества муниципальных унитарных предприятий, в том числе казенных)
A16: 919 | B16: 1 13 01995 10 0000 130 | C16: Прочие доходы от оказания платных услуг (работ) получателями средств бюджетов сельских поселений
A17: 919 | B17: 1 13 02995 10 0000 130 | C17: Прочие доходы от компенсации затрат бюджетов сельских поселений
A18: 919 | B18: 1 14 02052 10 0000 410 | C18: Доходы от реализации имущества, находящегося в оперативном управлении учреждений, находящихся в ведении органов управления сельских поселений (за исключением имущества муниципальных бюджетных и автономных учреждений), в части реализации основных средств по указанному имуществу
A19: 919 | B19: 1 14 02052 10 0000 440 | C19: Доходы от реализации имущества, находящегося в оперативном управлении учреждений, находящихся в ведении органов управления сельских поселений (за исключением имущества муниципальных бюджетных и автономных учреждений), в части реализации материальных запасов по указанному имуществу
A20: 919 | B20: 1 14 02053 10 0000 410 | C20: Доходы от реализации иного имущества, находящегося в собственности сельских поселений (за исключением имущества муниципальных бюджетных и автономных учреждений, а также имущества муниципальных унитарных предприятий, в том числе казенных), в части реализации основных средств по указанному имуществу
A21: 919 | B21: 1 14 02053 10 0000 440 | C21: Доходы от реализации иного имущества, находящегося в собственности сельских поселений (за исключением имущества муниципальных бюджетных и автономных учреждений, а также имущества муниципальных унитарных предприятий, в том числе казенных), в части реализации материальных запасов по указанному имуществу
A22: 919 | B22: 1 14 06025 10 0000 430 | C22: Доходы от продажи земельных участков, находящихся в собственности сельских поселений (за исключением земельных участков муниципальных бюджетных и автономных учреждений)
... A38: 919 | B38: 2 08 05000 10 0000 150 | C38: Перечисления из бюджетов сельских поселений (в бюджеты поселений) для осуществления возврата (зачета) излишне уплаченных или излишне взысканных сумм налогов, сборов и иных платежей, а также сумм процентов за несвоевременное осуществление такого возврата и процентов, начисленных на излишне взысканные суммы

Sheet Прил 2
C1: Приложение 2
C2: к решению сессии Совета депутатов Пушкинского сельского поселения "О бюджете Паевского сельского поселения Кадошкинского муниципального района Республики Мордовия на 2021 год и на плановый период 2022 и 2023 годов"
A3: ПЕРЕЧЕНЬ ГЛАВНЫХ АДМИНИСТРАТОРОВ ИСТОЧНИКОВ ФИНАНСИРОВАНИЯ ДЕФИЦИТА БЮДЖЕТА ПУШКИНСКОГО СЕЛЬСКОГО ПОСЕЛЕНИЯ КАДОШКИНСКОГО МУНИЦИПАЛЬНОГО РАЙОНА РЕСПУБЛИКИ МОРДОВИЯ
A6: Код бюджетной классификации Российской Федерации | C6: Наименование главного администратора источника финансирования бюджета
A7: админи- стратора | B7: источников внутреннего финансирования дефицита бюджета
A8: 1 | B8: 2 | C8: 3
A9: 919 | C9: Администрация Пушкинского сельского поселения Кадошкинского муниципального района
A10: 919 | B10: 01 02 00 00 10 0000 710 | C10: Получение кредитов от других бюджетов бюджетной системы Российской Федерации бюджетами сельских поселений в валюте Российской Федерации
A11: 919 | B11: 01 03 01 00 10 0000 810 | C11: Погашение бюджетами сельских поселений кредитов от других бюджетов бюджетной системы Российской Федерации в валюте Российской Федерации

Sheet Прил 3
D1: Приложение 3
C2: к решению сессии Совета депутатов Пушкинского сельского поселения "О бюджете Паевского сельского поселения Кадошкинского муниципального района Республики Мордовия на 2021 год и на плановый период 2022 и 2023 годов"
A3: ДОХОДЫ БЮДЖЕТА ПУШКИНСКОГО СЕЛЬСКОГО ПОСЕЛЕНИЯ КАДОШКИНСКОГО МУНИЦИПАЛЬНОГО РАЙОНА РЕСПУБЛИКИ МОРДОВИЯ
C5: (тыс.рублей)
A6: Код бюджетной классификации доходов бюджета | B6: Наименование доходов | C6: Сумма
C7: 2021 год | D7: 2022 год | E7: 2023 год
A8: 1 | B8: 2 | C8: 3 | D8: 4 | E8: 5
B9: ВСЕГО ДОХОДОВ | C9: =SUM(C10+C25) -> 2417.83 | D9: =SUM(D10+D25) -> 1764.3 | E9: =SUM(E10+E25) -> 1975.8
A10: 00010000000000000000 | B10: НАЛОГОВЫЕ И НЕНАЛОГОВЫЕ ДОХОДЫ | C10: =SUM(C11+C14+C16+C18+C21+C23) -> 1028 | D10: =SUM(D11+D14+D16+D18+D21+D23) -> 1006.1 | E10: =SUM(E11+E14+E16+E18+E21+E23) -> 1194.6
A11: 00010100000000000000 | B11: НАЛОГИ НА ПРИБЫЛЬ, ДОХОДЫ | C11: =SUM(C12) -> 22.7 | D11: =SUM(D12) -> 23.6 | E11: =SUM(E12) -> 24.6
A12: 00010102000010000110 | B12: Налог на доходы физических лиц | C12: =SUM(C13) -> 22.7 | D12: =SUM(D13) -> 23.6 | E12: =SUM(E13) -> 24.6
A13: 18210102010010000110 | B13: Налог на доходы физических лиц с доходов, источником которых является налоговый агент, за исключением доходов, в отношении которых исчисление и уплата налога осуществляются в соответствии со статьями 227, 2271 и 228 Налогового кодекса Российской Федерации | C13: 22.7 | D13: 23.6 | E13: 24.6
A14: 00010500000000000000 | B14: НАЛОГИ НА СОВОКУПНЫЙ ДОХОД | C14: =SUM(C15) -> 0 | D14: =SUM(D15) -> 6.3 | E14: =SUM(E15) -> 6.5
A15: 18210503010010000110 | B15: Единый сельскохозяйственный налог | C15: 0 | D15: 6.3 | E15: 6.5
A16: 00010600000000000000 | B16: НАЛОГИ НА ИМУЩЕСТВО | C16: =SUM(C17) -> 29 | D16: =SUM(D17) -> 30 | E16: =SUM(E17) -> 31
A17: 18210601030100000110 | B17: Налог на имущество физических лиц, взимаемый по ставкам, применяемым к объектам налогообложения, расположенным в границах сельских поселений | C17: 29 | D17: 30 | E17: 31
A18: 00010606000000000110 | B18: Земельный налог | C18: =SUM(C19+C20) -> 688 | D18: =SUM(D19+D20) -> 815 | E18: =SUM(E19+E20) -> 996
A19: 18210606033100000110 | B19: Земельный налог с организаций, обладающих земельным участком, расположенным в границах сельских поселений | C19: 510 | D19: 655 | E19: 836
A20: 18210606043100000110 | B20: Земельный налог с физических лиц, обладающих земельным участком, расположенным в границах сельских поселений | C20: 178 | D20: 160 | E20: 160
A21: 00011100000000000000 | B21: ДОХОДЫ ОТ ИСПОЛЬЗОВАНИЯ ИМУЩЕСТВА, НАХОДЯЩЕГОСЯ В ГОСУДАРСТВЕННОЙ И МУНИЦИПАЛЬНОЙ СОБСТВЕННОСТИ | C21: =SUM(C22) -> 126.3 | D21: =SUM(D22) -> 131.2 | E21: =SUM(E22) -> 136.5
A22: 91911105025100000120 | B22: Доходы, получаемые в виде арендной платы, а также средства от продажи права на заключение договоров аренды за земли, находящиеся в собственности сельских поселений (за исключением земельных участков муниципальных бюджетных и автономных учреждений) | C22: 126.3 | D22: 131.2 | E22: 136.5
A23: 00011400000000000000 | B23: ДОХОДЫ ОТ ПРОДАЖИ МАТЕРИАЛЬНЫХ И НЕМАТЕРИАЛЬНЫХ АКТИВОВ | C23: =SUM(C24) -> 162 | D23: =SUM(D24) -> 0 | E23: =SUM(E24) -> 0
A24: 91911406025100000430 | B24: Доходы от продажи земельных участков, находящихся в собственности сельских поселений (за исключением земельных участков муниципальных бюджетных и автономных учреждений) | C24: 162 | D24: 0 | E24: 0
A25: 00020200000000000000 | B25: БЕЗВОЗМЕЗДНЫЕ ПОСТУПЛЕНИЯ ОТ ДРУГИХ БЮДЖЕТОВ БЮДЖЕТНОЙ СИСТЕМЫ РОССИЙСКОЙ ФЕДЕРАЦИИ | C25: =SUM(C31+C34+C26+C29) -> 1389.83 | D25: =SUM(D31+D34+D26+D29) -> 758.2 | E25: =SUM(E31+E34+E26+E29) -> 781.2
A26: 00020210000000000150 | B26: Дотации бюджетам бюджетной системы Российской Федерации | C26: =C27+C28 -> 296.9 | D26: =D27+D28 -> 0 | E26: =E27+E28 -> 0
A27: 91920215001100000150 | B27: Дотации бюджетам сельских поселений на выравнивание бюджетной обеспеченности | C27: 40.9 | D27: 0 | E27: 0
A28: 91920215002100000150 | B28: Дотации бюджетам сельских поселений на поддержку мер по обеспечению сбалансированности бюджетов | C28: 256 | D28: 0 | E28: 0
A29: 00020220000000000150 | B29: Субсидии бюджетам бюджетной системы Российской Федерации (межбюджетные субсидии) | C29: =C30 -> 192 | D29: =D30 -> 0 | E29: =E30 -> 0
A30: 91920229999100000150 | B30: Прочие субсидии бюджетам сельских поселений | C30: 192 | D30: 0 | E30: 0
A31: 00020230000000000150 | B31: Субвенции бюджетам бюджетной системы Российской Федерации | C31: =SUM(C32+C33) -> 86.9 | D31: =SUM(D32+D33) -> 87.5 | E31: =SUM(E32+E33) -> 90.2
A32: 91920230024100000150 | B32: Субвенции на осуществление государственных полномочий Республики Мордовия по определению перечня должностных лиц, уполномоченных составлять протоколы об административных правонарушениях, предусмотренных Законом Республики Мордовия от 15 июня 2015 года № 38-З "Об административной ответственности на территории Республики Мордовия" | C32: 0.1 | D32: 0.1 | E32: 0.1
A33: 91920235118100000150 | B33: Субвенции бюджетам сельских поселений на осуществление первичного воинского учета на территориях, где отсутствуют военные комиссариаты | C33: 86.8 | D33: 87.4 | E33: 90.1
A34: 00020240000000000150 | B34: Иные межбюджетные трансферты | C34: =C35+C36 -> 814.03 | D34: =D35+D36 -> 670.7 | E34: =E35+E36 -> 691
A35: 91920240014100000150 | B35: Межбюджетные трансферты, передаваемые бюджетам сельских поселений из бюджетов муниципальных районов на осуществление части полномочий по решению вопросов местного значения в соответствии с заключенными соглашениями | C35: =628.4+0.4+40+117.2 -> 786 | D35: =670.3+0.4 -> 670.7 | E35: =690.6+0.4 -> 691
A36: 91920249999100000150 | B36: Прочие межбюджетные трансферты, передаваемые бюджетам сельских поселений | C36: 28.03 | D36: 0 | E36: 0

Sheet Прил 4 
I1: Приложение 4
I2: к решению сессии Совета депутатов Пушкинского сельского поселения "О бюджете Пушкинского сельского поселения Кадошкинского муниципального района Республики Мордовия на 2021 год и на плановый период 2022 и 2023 годов"
A3: РАСПРЕДЕЛЕНИЕ БЮДЖЕТНЫХ АССИГНОВАНИЙ БЮДЖЕТА ПУШКИНСКОГО СЕЛЬСКОГО ПОСЕЛЕНИЯ КАДОШКИНСКОГО МУНИЦИПАЛЬНОГО РАЙОНА РЕСПУБЛИКИ МОРДОВИЯ ПО РАЗДЕЛАМ, ПОДРАЗДЕЛАМ, ЦЕЛЕВЫМ СТАТЬЯМ, ГРУППАМ (ГРУППАМ И ПОДГРУППАМ) ВИДОВ РАСХОДОВ КЛАССИФИКАЦИИ РАСХОДОВ БЮДЖЕТОВ НА 2021 ГОД И НА ПЛАНОВЫЙ ПЕРИОД 2022 И 2023 ГОДОВ
A5: Наименование | B5: Рз | C5: ПР | D5: ЦСР | H5: ВР | I5: Сумма (тыс. рублей)
I6: 2021 год | J6: 2022 год | K6: 2023 год
A7: 1 | B7: 2 | C7: 3 | D7: 4 | E7: 5 | F7: 6 | G7: 7 | H7: 8 | I7: 9 | J7: 10 | K7: 11
A8: ВСЕГО | I8: =I9+I60+I79+I85+I101+I108 -> 2469.23 | J8: =J9+J60+J79+J85+J101+J108+J115 -> 1764.3 | K8: =K9+K60+K79+K85+K101+K108+K115 -> 1975.8
A9: Общегосударственные вопросы | B9: 01 | I9: =I10+I19+I45+I51+I69+I39 -> 1244.23 | J9: =J10+J19+J45+J51+J69 -> 739.6 | K9: =K10+K19+K45+K51+K69 -> 857.8
A10: Функционирование высшего должностного лица субъекта Российской Федерации и муниципального образования | B10: 01 | C10: 02 | I10: =I11 -> 444.1 | J10: =J11 -> 234.2 | K10: =K11 -> 295.95
A11: Обеспечение деятельности администрации | B11: 01 | C11: 02 | D11: 65 | I11: =I12 -> 444.1 | J11: =J12 -> 234.2 | K11: =K12 -> 295.95
A12: Высшее должностное лицо | B12: 01 | C12: 02 | D12: 65 | E12: 1 | I12: =I13+I16 -> 444.1 | J12: =J13+J16 -> 234.2 | K12: =K13+K16 -> 295.95
A13: Расходы на выплаты по оплате труда высшего должностного лица | B13: 01 | C13: 02 | D13: 65 | E13: 1 | F13: 00 | G13: 41150 | I13: =I14 -> 343.4 | J13: =J14 -> 234.2 | K13: =K14 -> 295.95
A14: Расходы на выплаты персоналу в целях обеспечения выполнения функций государственными (муниципальными) органами, казенными учреждениями, органами управления государственными внебюджетными фондами | B14: 01 | C14: 02 | D14: 65 | E14: 1 | F14: 00 | G14: 41150 | H14: 100 | I14: =I15 -> 343.4 | J14: =J15 -> 234.2 | K14: =K15 -> 295.95
A15: Расходы на выплаты персоналу государственных (муниципальных) органов | B15: 01 | C15: 02 | D15: 65 | E15: 1 | F15: 00 | G15: 41150 | H15: 120 | I15: ='Прил 5'!J16 -> 343.4 | J15: ='Прил 5'!K16 -> 234.2 | K15: ='Прил 5'!L16 -> 295.95
A16: Субсидии на софинансирование расходных обязательств по финансовому обеспечению деятельности органов местного самоуправления и муниципальных учреждений | B16: 01 | C16: 02 | D16: 65 | E16: 1 | F16: 00 | G16: 44205 | I16: =I17 -> 100.7 | J16: =J17 -> 0 | K16: =K17 -> 0
A17: Расходы на выплаты персоналу в целях обеспечения выполнения функций государственными (муниципальными) органами, казенными учреждениями, органами управления государственными внебюджетными фондами | B17: 01 | C17: 02 | D17: 65 | E17: 1 | F17: 00 | G17: 44205 | H17: 100 | I17: =I18 -> 100.7 | J17: =J18 -> 0 | K17: =K18 -> 0
A18: Расходы на выплаты персоналу государственных (муниципальных) органов | B18: 01 | C18: 02 | D18: 65 | E18: 1 | F18: 00 | G18: 44205 | H18: 120 | I18: ='Прил 5'!J19 -> 100.7 | J18: ='Прил 5'!K19 -> 0 | K18: ='Прил 5'!L19 -> 0
A19: Функционирование Правительства Российской Федерации, высших органов исполнительной власти субъектов Российской Федерации, местных администраций | B19: 01 | C19: 04 | I19: =I20+I34 -> 766.6 | J19: =J20+J34 -> 502.9 | K19: =K20+K34 -> 560.85
A20: Обеспечение деятельности администрации | B20: 01 | C20: 04 | D20: 65 | I20: =I21 -> 766.5 | J20: =J21 -> 502.8 | K20: =K21 -> 560.75
A21: Непрограммные расходы в рамках обеспечения деятельности администрации | B21: 01 | C21: 04 | D21: 65 | E21: 2 | I21: =I22+I25+I31 -> 766.5 | J21: =J22+J25+J31 -> 502.8 | K21: =K22+K25+K31 -> 560.75
A22: Расходы на выплаты по оплате труда работников органов местного самоуправления | B22: 01 | C22: 04 | D22: 65 | E22: 2 | F22: 00 | G22: 41110 | I22: =I23 -> 417.8 | J22: =J23 -> 479.1 | K22: =K23 -> 458.35
A23: Расходы на выплаты персоналу в целях обеспечения выполнения функций государственными (муниципальными) органами, казенными учреждениями, органами управления государственными внебюджетными фондами | B23: 01 | C23: 04 | D23: 65 | E23: 2 | F23: 00 | G23: 41110 | H23: 100 | I23: =I24 -> 417.8 | J23: =J24 -> 479.1 | K23: =K24 -> 458.35
A24: Расходы на выплаты персоналу государственных (муниципальных) органов | B24: 01 | C24: 04 | D24: 65 | E24: 2 | F24: 00 | G24: 41110 | H24: 120 | I24: ='Прил 5'!J25 -> 417.8 | J24: ='Прил 5'!K25 -> 479.1 | K24: ='Прил 5'!L25 -> 458.35
A25: Расходы на обеспечение функций органов местного самоуправления | B25: 01 | C25: 04 | D25: 65 | E25: 2 | F25: 00 | G25: 41120 | I25: =I26+I28 -> 257.4 | J25: =J26+J28 -> 23.7 | K25: =K26+K28 -> 102.4
A26: Закупка товаров, работ и услуг для обеспечения государственных (муниципальных) нужд | B26: 01 | C26: 04 | D26: 65 | E26: 2 | F26: 00 | G26: 41120 | H26: 200 | I26: =I27 -> 220.9 | J26: =J27 -> 11.7 | K26: =K27 -> 90.4
A27: Иные закупки товаров, работ и услуг для обеспечения государственных (муниципальных) нужд | B27: 01 | C27: 04 | D27: 65 | E27: 2 | F27: 00 | G27: 41120 | H27: 240 | I27: ='Прил 5'!J28 -> 220.9 | J27: ='Прил 5'!K28 -> 11.7 | K27: ='Прил 5'!L28 -> 90.4
A28: Иные бюджетные ассигнования | B28: 01 | C28: 04 | D28: 65 | E28: 2 | F28: 00 | G28: 41120 | H28: 800 | I28: =I30+I29 -> 36.5 | J28: =J30+J29 -> 12 | K28: =K30+K29 -> 12
A29: Исполнение судебных актов | B29: 01 | C29: 04 | D29: 65 | E29: 2 | F29: 00 | G29: 41120 | H29: 830 | I29: ='Прил 5'!J30 -> 1 | J29: ='Прил 5'!K30 -> 0 | K29: ='Прил 5'!L30 -> 0
A30: Уплата налогов, сборов и иных платежей | B30: 01 | C30: 04 | D30: 65 | E30: 2 | F30: 00 | G30: 41120 | H30: 850 | I30: ='Прил 5'!J31 -> 35.5 | J30: ='Прил 5'!K31 -> 12 | K30: ='Прил 5'!L31 -> 12
A31: Субсидии на софинансирование расходных обязательств по финансовому обеспечению деятельности органов местного самоуправления и муниципальных учреждений | B31: 01 | C31: 04 | D31: 65 | E31: 2 | F31: 00 | G31: 44205 | I31: =I32 -> 91.3 | J31: =J32 -> 0 | K31: =K32 -> 0
A32: Расходы на выплаты персоналу в целях обеспечения выполнения функций государственными (муниципальными) органами, казенными учреждениями, органами управления государственными внебюджетными фондами | B32: 01 | C32: 04 | D32: 65 | E32: 2 | F32: 00 | G32: 44205 | H32: 100 | I32: =I33 -> 91.3 | J32: =J33 -> 0 | K32: =K33 -> 0
A33: Расходы на выплаты персоналу государственных (муниципальных) органов | B33: 01 | C33: 04 | D33: 65 | E33: 2 | F33: 00 | G33: 44205 | H33: 120 | I33: ='Прил 5'!J34 -> 91.3 | J33: ='Прил 5'!K34 -> 0 | K33: ='Прил 5'!L34 -> 0
A34: Непрограммные расходы главных распорядителей средств бюджета Пушкинского сельского поселения Кадошкинского муниципального района Республики Мордовия | B34: 01 | C34: 04 | D34: 89 | I34: =I35 -> 0.1 | J34: =J35 -> 0.1 | K34: =K35 -> 0.1
A35: Непрограммные расходы в рамках обеспечения деятельности главных распорядителей средств бюджета Пушкинского сельского поселения Кадошкинского муниципального района Республики Мордовия | B35: 01 | C35: 04 | D35: 89 | E35: 1 | I35: =I36 -> 0.1 | J35: =J36 -> 0.1 | K35: =K36 -> 0.1
A36: Осуществление государственных полномочий Республики Мордовия по определению перечня должностных лиц, уполномоченных составлять протоколы об административных правонарушениях, предусмотренных Законом Республики Мордовия от 15 июня 2015 года № 38-З "Об административной ответственности на территории Республики Мордовия" | B36: 01 | C36: 04 | D36: 89 | E36: 1 | F36: 00 | G36: 77150 | I36: =I37 -> 0.1 | J36: =J37 -> 0.1 | K36: =K37 -> 0.1
A37: Закупка товаров, работ и услуг для обеспечения государственных (муниципальных) нужд | B37: 01 | C37: 04 | D37: 89 | E37: 1 | F37: 00 | G37: 77150 | H37: 200 | I37: =I38 -> 0.1 | J37: =J38 -> 0.1 | K37: =K38 -> 0.1
A38: Иные закупки товаров, работ и услуг для обеспечения государственных (муниципальных) нужд | B38: 01 | C38: 04 | D38: 89 | E38: 1 | F38: 00 | G38: 77150 | H38: 240 | I38: ='Прил 5'!J39 -> 0.1 | J38: ='Прил 5'!K39 -> 0.1 | K38: ='Прил 5'!L39 -> 0.1
A39: Обеспечение проведения выборов и референдумов | B39: 01 | C39: 07 | I39: =I40 -> 3 | J39: =J40 -> 0 | K39: =K40 -> 0
A40: Непрограммные расходы главных распорядителей средств бюджета Пушкинского сельского поселения Кадошкинского муниципального района Республики Мордовия | B40: 01 | C40: 07 | I40: =I41 -> 3 | J40: =J41 -> 0 | K40: =K41 -> 0
A41: Непрограммные расходы в рамках обеспечения деятельности главных распорядителей средств бюджета Пушкинского сельского поселения Кадошкинского муниципального района Республики Мордовия | B41: 01 | C41: 07 | D41: 89 | E41: 1 | I41: =I42 -> 3 | J41: =J42 -> 0 | K41: =K42 -> 0
A42: Проведение выборов депутатов Пушкинского сельского поселения Кадошкинского муниципального района Республики Мордовия | B42: 01 | C42: 07 | D42: 89 | E42: 1 | F42: 00 | G42: 41130 | I42: =I43 -> 3 | J42: =J43 -> 0 | K42: =K43 -> 0
A43: Иные бюджетные ассигнования | B43: 01 | C43: 07 | D43: 89 | E43: 1 | F43: 00 | G43: 41130 | H43: 800 | I43: =I44 -> 3 | J43: =J44 -> 0 | K43: =K44 -> 0
A44: Специальные расходы | B44: 01 | C44: 07 | D44: 89 | E44: 1 | F44: 00 | G44: 41130 | H44: 880 | I44: ='Прил 5'!J45 -> 3 | J44: ='Прил 5'!K45 -> 0 | K44: ='Прил 5'!L45 -> 0
A45: Резервные фонды | B45: 01 | C45: 11 | I45: =I46 -> 0.72 | J45: =J46 -> 1 | K45: =K46 -> 1
A46: Непрограммные расходы главных распорядителей средств бюджета Пушкинского сельского поселения Кадошкинского муниципального района Республики Мордовия | B46: 01 | C46: 11 | D46: 89 | I46: =I47 -> 0.72 | J46: =J47 -> 1 | K46: =K47 -> 1
A47: Непрограммные расходы в рамках обеспечения деятельности главных распорядителей средств бюджета Пушкинского сельского поселения Кадошкинского муниципального района Республики Мордовия | B47: 01 | C47: 11 | D47: 89 | E47: 1 | I47: =I48 -> 0.72 | J47: =J48 -> 1 | K47: =K48 -> 1
A48: Резервный фонд администрации Пушкинского сельского поселения Кадошкинского муниципального района Республики Мордовия | B48: 01 | C48: 11 | D48: 89 | E48: 1 | F48: 00 | G48: 41180 | I48: =I49 -> 0.72 | J48: =J49 -> 1 | K48: =K49 -> 1
A49: Иные бюджетные ассигнования | B49: 01 | C49: 11 | D49: 89 | E49: 1 | F49: 00 | G49: 41180 | H49: 800 | I49: =I50 -> 0.72 | J49: =J50 -> 1 | K49: =K50 -> 1
A50: Резервные средства | B50: 01 | C50: 11 | D50: 89 | E50: 1 | F50: 00 | G50: 41180 | H50: 870 | I50: ='Прил 5'!J51 -> 0.72 | J50: ='Прил 5'!K51 -> 1 | K50: ='Прил 5'!L51 -> 1
A51: Другие общегосударственные вопросы | B51: 01 | C51: 13 | I51: =I52+I56 -> 1.5 | J51: =J52+J56 -> 1.5 | K51: =K52+K56 -> 0
A52: Программа "Развитие муниципальной службы в Паевском сельском поселении на 2020-2022 годы" | B52: 01 | C52: 13 | D52: 01 | I52: =I53 -> 1 | J52: =J53 -> 1 | K52: =K53 -> 0
A53: Подготовка, переподготовка и повышение квалификации кадров | B53: 01 | C53: 13 | D53: 01 | E53: 0 | F53: 00 | G53: 41250 | I53: =I54 -> 1 | J53: =J54 -> 1 | K53: =K54 -> 0
A54: Закупка товаров, работ и услуг для обеспечения государственных (муниципальных) нужд | B54: 01 | C54: 13 | D54: 01 | E54: 0 | F54: 00 | G54: 41250 | H54: 200 | I54: =I55 -> 1 | J54: =J55 -> 1 | K54: =K55 -> 0
A55: Иные закупки товаров, работ и услуг для обеспечения государственных (муниципальных) нужд | B55: 01 | C55: 13 | D55: 01 | E55: 0 | F55: 00 | G55: 41250 | H55: 240 | I55: ='Прил 5'!J56 -> 1 | J55: ='Прил 5'!K56 -> 1 | K55: ='Прил 5'!L56 -> 0
A56: Программа "Пожарная безопасность на территории Пушкинского сельского поселения Кадошкинского муниципального района Республики Мордовия на 2020-2022г.г." | B56: 01 | C56: 13 | D56: 08 | I56: =I57 -> 0.5 | J56: =J57 -> 0.5 | K56: =K57 -> 0
A57: Мероприятия по обеспечению пожарной безопасности | B57: 01 | C57: 13 | D57: 08 | E57: 0 | F57: 00 | G57: 42120 | I57: =I58 -> 0.5 | J57: =J58 -> 0.5 | K57: =K58 -> 0
A58: Закупка товаров, работ и услуг для обеспечения государственных (муниципальных) нужд | B58: 01 | C58: 13 | D58: 08 | E58: 0 | F58: 00 | G58: 42120 | H58: 200 | I58: =I59 -> 0.5 | J58: =J59 -> 0.5 | K58: =K59 -> 0
A59: Иные закупки товаров, работ и услуг для обеспечения государственных (муниципальных) нужд | B59: 01 | C59: 13 | D59: 08 | E59: 0 | F59: 00 | G59: 42120 | H59: 240 | I59: ='Прил 5'!J60 -> 0.5 | J59: ='Прил 5'!K60 -> 0.5 | K59: ='Прил 5'!L60 -> 0
A60: Национальная оборона | B60: 02 | I60: =I61 -> 86.8 | J60: =J61 -> 87.4 | K60: =K61 -> 90.1
A61: Мобилизационная и вневойсковая подготовка | B61: 02 | C61: 03 | I61: =I62 -> 86.8 | J61: =J62 -> 87.4 | K61: =K62 -> 90.1
A62: Непрограммные расходы главных распорядителей средств бюджета Пушкинского сельского поселения Кадошкинского муниципального района Республики Мордовия | B62: 02 | C62: 03 | D62: 89 | I62: =I63 -> 86.8 | J62: =J63 -> 87.4 | K62: =K63 -> 90.1
A63: Непрограммные расходы в рамках обеспечения деятельности главных распорядителей средств бюджета Пушкинского сельского поселения Кадошкинского муниципального района Республики Мордовия | B63: 02 | C63: 03 | D63: 89 | E63: 1 | I63: =I64 -> 86.8 | J63: =J64 -> 87.4 | K63: =K64 -> 90.1
A64: Осуществление государственных полномочий Российской Федерации о первичному воинскому учету на территориях, где отсутствуют военные комиссариаты | B64: 02 | C64: 03 | D64: 89 | E64: 1 | F64: 00 | G64: 51180 | I64: =I65+I67 -> 86.8 | J64: =J65+J67 -> 87.4 | K64: =K65+K67 -> 90.1
A65: Расходы на выплаты персоналу в целях обеспечения выполнения функций государственными (муниципальными) органами, казенными учреждениями, органами управления государственными внебюджетными фондами | B65: 02 | C65: 03 | D65: 89 | E65: 1 | F65: 00 | G65: 51180 | H65: 100 | I65: =I66 -> 82.9 | J65: =J66 -> 83.4 | K65: =K66 -> 86.1
A66: Расходы на выплаты персоналу государственных (муниципальных) органов | B66: 02 | C66: 03 | D66: 89 | E66: 1 | F66: 00 | G66: 51180 | H66: 120 | I66: ='Прил 5'!J67 -> 82.9 | J66: ='Прил 5'!K67 -> 83.4 | K66: ='Прил 5'!L67 -> 86.1
A67: Закупка товаров, работ и услуг для обеспечения государственных (муниципальных) нужд | B67: 02 | C67: 03 | D67: 89 | E67: 1 | F67: 00 | G67: 51180 | H67: 200 | I67: =I68 -> 3.9 | J67: =J68 -> 4 | K67: =K68 -> 4
A68: Иные закупки товаров, работ и услуг для обеспечения государственных (муниципальных) нужд | B68: 02 | C68: 03 | D68: 89 | E68: 1 | F68: 00 | G68: 51180 | H68: 240 | I68: ='Прил 5'!J69 -> 3.9 | J68: ='Прил 5'!K69 -> 4 | K68: ='Прил 5'!L69 -> 4
A69: Национальная безопасность и правоохранительная деятельность | B69: 03 | I69: =I70 -> 28.31 | J69: =J70 -> 0 | K69: =K70 -> 0
A70: Защита населения и территории от чрезвычайных ситуаций природного и техногенного характера, пожарная безопасность | B70: 03 | C70: 10 | I70: =I71 -> 28.31 | J70: =J71 -> 0 | K70: =K71 -> 0
A71: Непрограммные расходы главных распорядителей средств бюджета Пушкинского сельского поселения Кадошкинского муниципального района Республики Мордовия | B71: 03 | C71: 10 | D71: 89 | I71: =I72 -> 28.31 | J71: =J72 -> 0 | K71: =K72 -> 0
A72: Непрограммные расходы в рамках обеспечения деятельности главных распорядителей средств бюджета Пушкинского сельского поселения Кадошкинского муниципального района Республики Мордовия | B72: 03 | C72: 10 | D72: 89 | E72: 1 | I72: =I73+I76 -> 28.31 | J72: =J73+J76 -> 0 | K72: =K73+K76 -> 0
A73: Резервный фонд администрации Пушкинского сельского поселения Кадошкинского муниципального района Республики Мордовия | B73: 03 | C73: 10 | D73: 89 | E73: 1 | F73: 00 | G73: 41180 | I73: =I74 -> 0.28 | J73: =J74 -> 0 | K73: =K74 -> 0
A74: Закупка товаров, работ и услуг для обеспечения государственных (муниципальных) нужд | B74: 03 | C74: 10 | D74: 89 | E74: 1 | F74: 00 | G74: 41180 | H74: 200 | I74: =I75 -> 0.28 | J74: =J75 -> 0 | K74: =K75 -> 0
A75: Иные закупки товаров, работ и услуг для обеспечения государственных (муниципальных) нужд | B75: 03 | C75: 10 | D75: 89 | E75: 1 | F75: 00 | G75: 41180 | H75: 240 | I75: ='Прил 5'!J76 -> 0.28 | J75: ='Прил 5'!K76 -> 0 | K75: ='Прил 5'!L76 -> 0
A76: Резервный фонд Правительства Республики Мордовия | B76: 03 | C76: 10 | D76: 89 | E76: 1 | F76: 00 | G76: 80190 | I76: =I77 -> 28.03 | J76: =J77 -> 0 | K76: =K77 -> 0
A77: Закупка товаров, работ и услуг для обеспечения государственных (муниципальных) нужд | B77: 03 | C77: 10 | D77: 89 | E77: 1 | F77: 00 | G77: 80190 | H77: 200 | I77: =I78 -> 28.03 | J77: =J78 -> 0 | K77: =K78 -> 0
A78: Иные закупки товаров, работ и услуг для обеспечения государственных (муниципальных) нужд | B78: 03 | C78: 10 | D78: 89 | E78: 1 | F78: 00 | G78: 80190 | H78: 240 | I78: ='Прил 5'!J79 -> 28.03 | J78: ='Прил 5'!K79 -> 0 | K78: ='Прил 5'!L79 -> 0
A79: Национальная экономика | B79: 04 | I79: =I80 -> 628.4 | J79: =J80 -> 670.3 | K79: =K80 -> 690.6
A80: Дорожное хозяйство (дорожные фонды) | B80: 04 | C80: 09 | I80: =I81 -> 628.4 | J80: =J81 -> 670.3 | K80: =K81 -> 690.6
A81: Программа комплексного развития транспортной инфраструктуры Пушкинского сельского поселения Кадошкинского муниципального района Республики Мордовия на 2017-2025 годы | B81: 04 | C81: 09 | D81: 13 | I81: =I82 -> 628.4 | J81: =J82 -> 670.3 | K81: =K82 -> 690.6
A82: Иные межбюджетные трансферты на осуществление полномочий по дорожной деятельности в отношении автомобильных дорог местного значения в границах населенных пунктов поселения и обеспечению безопасности дорожного движения на них, включая создание и обеспечение функционирования парковок (парковочных мест), осуществлению муниципального контроля за сохранностью автомобильных дорог местного значения в границах населенных пунктов поселения, организации дорожного движения, а также осуществлению иных полномочий в области использования автомобильных дорог и осуществления дорожной деятельности в соответствии с законодательством Российской Федерации | B82: 04 | C82: 09 | D82: 13 | E82: 0 | F82: 00 | G82: 44102 | I82: =I83 -> 628.4 | J82: =J83 -> 670.3 | K82: =K83 -> 690.6
A83: Закупка товаров, работ и услуг для обеспечения государственных (муниципальных) нужд | B83: 04 | C83: 09 | D83: 13 | E83: 0 | F83: 00 | G83: 44102 | H83: 200 | I83: =I84 -> 628.4 | J83: =J84 -> 670.3 | K83: =K84 -> 690.6
A84: Иные закупки товаров, работ и услуг для обеспечения государственных (муниципальных) нужд | B84: 04 | C84: 09 | D84: 13 | E84: 0 | F84: 00 | G84: 44102 | H84: 240 | I84: ='Прил 5'!J85 -> 628.4 | J84: ='Прил 5'!K85 -> 670.3 | K84: ='Прил 5'!L85 -> 690.6
A85: Жилищно-коммунальное хозяйство | B85: 05 | I85: =I86+I92 -> 265.6 | J85: =J86+J92 -> 14.4 | K85: =K86+K92 -> 75.7
A86: Коммунальное хозяйство | B86: 05 | C86: 02 | I86: =I87 -> 157.6 | J86: =J87 -> 0.4 | K86: =K87 -> 0.4
A87: Непрограммные расходы главных распорядителей средств бюджета Пушкинского сельского поселения Кадошкинского муниципального района Республики Мордовия | B87: 05 | C87: 02 | D87: 89 | I87: =I88 -> 157.6 | J87: =J88 -> 0.4 | K87: =K88 -> 0.4
A88: Непрограммные расходы в рамках обеспечения деятельности главных распорядителей средств бюджета Пушкинского сельского поселения Кадошкинского муниципального района Республики Мордовия | B88: 05 | C88: 02 | D88: 89 | E88: 1 | I88: =I89 -> 157.6 | J88: =J89 -> 0.4 | K88: =K89 -> 0.4
A89: Иные межбюджетные трансферты на осуществление полномочий по организации в границах поселения электро-, тепло-, газо- и водоснабжения населения, водоотведения, снабжения населения топливом в пределах полномочий, установленных законодательством Российской Федерации | B89: 05 | C89: 02 | D89: 89 | E89: 1 | F89: 00 | G89: 44101 | I89: =I90 -> 157.6 | J89: =J90 -> 0.4 | K89: =K90 -> 0.4
A90: Закупка товаров, работ и услуг для обеспечения государственных (муниципальных) нужд | B90: 05 | C90: 02 | D90: 89 | E90: 1 | F90: 00 | G90: 44101 | H90: 200 | I90: =I91 -> 157.6 | J90: =J91 -> 0.4 | K90: =K91 -> 0.4
A91: Иные закупки товаров, работ и услуг для обеспечения государственных (муниципальных) нужд | B91: 05 | C91: 02 | D91: 89 | E91: 1 | F91: 00 | G91: 44101 | H91: 240 | I91: ='Прил 5'!J92 -> 157.6 | J91: ='Прил 5'!K92 -> 0.4 | K91: ='Прил 5'!L92 -> 0.4
A92: Благоустройство | B92: 05 | C92: 03 | I92: =I93 -> 108 | J92: =J93 -> 14 | K92: =K93 -> 75.3
A93: Непрограммные расходы главных распорядителей средств бюджета Пушкинского сельского поселения Кадошкинского муниципального района Республики Мордовия | B93: 05 | C93: 03 | D93: 89 | I93: =I94 -> 108 | J93: =J94 -> 14 | K93: =K94 -> 75.3
A94: Непрограммные расходы в рамках обеспечения деятельности главных распорядителей средств бюджета Пушкинского сельского поселения Кадошкинского муниципального района Республики Мордовия | B94: 05 | C94: 03 | D94: 89 | E94: 1 | I94: =I95+I98 -> 108 | J94: =J95+J98 -> 14 | K94: =K95+K98 -> 75.3
A95: Уличное освещение | B95: 05 | C95: 03 | D95: 89 | E95: 1 | F95: 00 | G95: 43010 | I95: =I96 -> 73.7 | J95: =J96 -> 12 | K95: =K96 -> 39.6
A96: Закупка товаров, работ и услуг для обеспечения государственных (муниципальных) нужд | B96: 05 | C96: 03 | D96: 89 | E96: 1 | F96: 00 | G96: 43010 | H96: 200 | I96: =I97 -> 73.7 | J96: =J97 -> 12 | K96: =K97 -> 39.6
A97: Иные закупки товаров, работ и услуг для обеспечения государственных (муниципальных) нужд | B97: 05 | C97: 03 | D97: 89 | E97: 1 | F97: 00 | G97: 43010 | H97: 240 | I97: ='Прил 5'!J98 -> 73.7 | J97: ='Прил 5'!K98 -> 12 | K97: ='Прил 5'!L98 -> 39.6
A98: Прочие мероприятия по благоустройству | B98: 05 | C98: 03 | D98: 89 | E98: 1 | F98: 00 | G98: 43040 | I98: =I99 -> 34.3 | J98: =J99 -> 2 | K98: =K99 -> 35.7
A99: Закупка товаров, работ и услуг для обеспечения государственных (муниципальных) нужд | B99: 05 | C99: 03 | D99: 89 | E99: 1 | F99: 00 | G99: 43040 | H99: 200 | I99: =I100 -> 34.3 | J99: =J100 -> 2 | K99: =K100 -> 35.7
A100: Иные закупки товаров, работ и услуг для обеспечения государственных (муниципальных) нужд | B100: 05 | C100: 03 | D100: 89 | E100: 1 | F100: 00 | G100: 43040 | H100: 240 | I100: ='Прил 5'!J101 -> 34.3 | J100: ='Прил 5'!K101 -> 2 | K100: ='Прил 5'!L101 -> 35.7
A101: Социальная политика | B101: 10 | I101: =I102 -> 240.9 | J101: =J102 -> 207.4 | K101: =K102 -> 163.9
...

Sheet Прил 5
H1: Приложение 5
J2: к решению сессии Совета депутатов Пушкинского сельского поселения "О бюджете Пушкинского сельского поселения Кадошкинского муниципального района Республики Мордовия на 2021 год и на плановый период 2022 и 2023 годов"
A3: ВЕДОМСТВЕННАЯ СТРУКТУРА РАСХОДОВ БЮДЖЕТА ПУШКИНСКОГО СЕЛЬСКОГО ПОСЕЛЕНИЯ КАДОШКИНСКОГО МУНИЦИПАЛЬНОГО РАЙОНА РЕСПУБЛИКИ МОРДОВИЯ НА 2021 ГОД И НА ПЛАНОВЫЙ ПЕРИОД 2022 И 2023 ГОДОВ
A5: Наименование | B5: Адм | C5: Рз | D5: ПРз | E5: ЦСР | I5: ВР | J5: Сумма (тыс. рублей)
J6: 2021 год | K6: 2022 год | L6: 2023 год
A7: 1 | B7: 2 | C7: 3 | D7: 4 | E7: 5 | F7: 6 | G7: 7 | H7: 8 | I7: 9 | J7: 10 | K7: 11 | L7: 12
A8: ВСЕГО | J8: =J9 -> 2469.23 | K8: =K9 -> 1764.3 | L8: =L9 -> 1975.8
A9: Администрация Пушкинского сельского поселения Кадошкинского муниципального района Республики Мордовия | B9: 919 | J9: =J10+J61+J80+J86+J102+J109+J70 -> 2469.23 | K9: =K10+K61+K80+K86+K102+K109+K70+K116 -> 1764.3 | L9: =L10+L61+L80+L86+L102+L109+L70+L116 -> 1975.8
A10: Общегосударственные вопросы | B10: 919 | C10: 01 | J10: =J11+J20+J46+J52+J40 -> 1215.92 | K10: =K11+K20+K46+K52+K40 -> 739.6 | L10: =L11+L20+L46+L52+L40 -> 857.8
A11: Функционирование высшего должностного лица субъекта Российской Федерации и муниципального образования | B11: 919 | C11: 01 | D11: 02 | J11: =J12 -> 444.1 | K11: =K12 -> 234.2 | L11: =L12 -> 295.95
A12: Обеспечение деятельности администрации | B12: 919 | C12: 01 | D12: 02 | E12: 65 | J12: =J13 -> 444.1 | K12: =K13 -> 234.2 | L12: =L13 -> 295.95
A13: Высшее должностное лицо | B13: 919 | C13: 01 | D13: 02 | E13: 65 | F13: 1 | J13: =J14+J17 -> 444.1 | K13: =K14+K17 -> 234.2 | L13: =L14+L17 -> 295.95
A14: Расходы на выплаты по оплате труда высшего должностного лица | B14: 919 | C14: 01 | D14: 02 | E14: 65 | F14: 1 | G14: 00 | H14: 41150 | J14: =J15 -> 343.4 | K14: =K15 -> 234.2 | L14: =L15 -> 295.95
A15: Расходы на выплаты персоналу в целях обеспечения выполнения функций государственными (муниципальными) органами, казенными учреждениями, органами управления государственными внебюджетными фондами | B15: 919 | C15: 01 | D15: 02 | E15: 65 | F15: 1 | G15: 00 | H15: 41150 | I15: 100 | J15: =J16 -> 343.4 | K15: =K16 -> 234.2 | L15: =L16 -> 295.95
A16: Расходы на выплаты персоналу государственных (муниципальных) органов | B16: 919 | C16: 01 | D16: 02 | E16: 65 | F16: 1 | G16: 00 | H16: 41150 | I16: 120 | J16: =232+60+51.4 -> 343.4 | K16: 234.2 | L16: 295.95
A17: Субсидии на софинансирование расходных обязательств по финансовому обеспечению деятельности органов местного самоуправления и муниципальных учреждений | B17: 919 | C17: 01 | D17: 02 | E17: 65 | F17: 1 | G17: 00 | H17: 44205 | J17: =J18 -> 100.7 | K17: =K18 -> 0 | L17: =L18 -> 0
A18: Расходы на выплаты персоналу в целях обеспечения выполнения функций государственными (муниципальными) органами, казенными учреждениями, органами управления государственными внебюджетными фондами | B18: 919 | C18: 01 | D18: 02 | E18: 65 | F18: 1 | G18: 00 | H18: 44205 | I18: 100 | J18: =J19 -> 100.7 | K18: =K19 -> 0 | L18: =L19 -> 0
A19: Расходы на выплаты персоналу государственных (муниципальных) органов | B19: 919 | C19: 01 | D19: 02 | E19: 65 | F19: 1 | G19: 00 | H19: 44205 | I19: 120 | J19: 100.7 | K19: 0 | L19: 0
A20: Функционирование Правительства Российской Федерации, высших органов исполнительной власти субъектов Российской Федерации, местных администраций | B20: 919 | C20: 01 | D20: 04 | J20: =J21+J35 -> 766.6 | K20: =K21+K35 -> 502.9 | L20: =L21+L35 -> 560.85
A21: Обеспечение деятельности администрации | B21: 919 | C21: 01 | D21: 04 | E21: 65 | J21: =J22 -> 766.5 | K21: =K22 -> 502.8 | L21: =L22 -> 560.75
A22: Непрограммные расходы в рамках обеспечения деятельности администрации | B22: 919 | C22: 01 | D22: 04 | E22: 65 | F22: 2 | J22: =J24+J26+J32 -> 766.5 | K22: =K24+K26+K32 -> 502.8 | L22: =L24+L26+L32 -> 560.75
A23: Расходы на выплаты по оплате труда работников органов местного самоуправления | B23: 919 | C23: 01 | D23: 04 | E23: 65 | F23: 2 | G23: 00 | H23: 41110 | J23: =J24 -> 417.8 | K23: =K24 -> 479.1 | L23: =L24 -> 458.35
A24: Расходы на выплаты персоналу в целях обеспечения выполнения функций государственными (муниципальными) органами, казенными учреждениями, органами управления государственными внебюджетными фондами | B24: 919 | C24: 01 | D24: 04 | E24: 65 | F24: 2 | G24: 00 | H24: 41110 | I24: 100 | J24: =J25 -> 417.8 | K24: =K25 -> 479.1 | L24: =L25 -> 458.35
A25: Расходы на выплаты персоналу государственных (муниципальных) органов | B25: 919 | C25: 01 | D25: 04 | E25: 65 | F25: 2 | G25: 00 | H25: 41110 | I25: 120 | J25: 417.8 | K25: 479.1 | L25: 458.35
A26: Расходы на обеспечение функций органов местного самоуправленя | B26: 919 | C26: 01 | D26: 04 | E26: 65 | F26: 2 | G26: 00 | H26: 41120 | J26: =J27+J29 -> 257.4 | K26: =K27+K29 -> 23.7 | L26: =L27+L29 -> 102.4
A27: Закупка товаров, работ и услуг для обеспечения государственных (муниципальных) нужд | B27: 919 | C27: 01 | D27: 04 | E27: 65 | F27: 2 | G27: 00 | H27: 41120 | I27: 200 | J27: =J28 -> 220.9 | K27: =K28 -> 11.7 | L27: =L28 -> 90.4
A28: Иные закупки товаров, работ и услуг для обеспечения государственных (муниципальных) нужд | B28: 919 | C28: 01 | D28: 04 | E28: 65 | F28: 2 | G28: 00 | H28: 41120 | I28: 240 | J28: 220.9 | K28: 11.7 | L28: 90.4
A29: Иные бюджетные ассигнования | B29: 919 | C29: 01 | D29: 04 | E29: 65 | F29: 2 | G29: 00 | H29: 41120 | I29: 800 | J29: =J31+J30 -> 36.5 | K29: =K31+K30 -> 12 | L29: =L31+L30 -> 12
A30: Исполнение судебных актов | B30: 919 | C30: 01 | D30: 04 | E30: 65 | F30: 2 | G30: 00 | H30: 41120 | I30: 830 | J30: 1 | K30: 0 | L30: 0
A31: Уплата налогов, сборов и иных платежей | B31: 919 | C31: 01 | D31: 04 | E31: 65 | F31: 2 | G31: 00 | H31: 41120 | I31: 850 | J31: 35.5 | K31: 12 | L31: 12
A32: Субсидии на софинансирование расходных обязательств по финансовому обеспечению деятельности органов местного самоуправления и муниципальных учреждений | B32: 919 | C32: 01 | D32: 04 | E32: 65 | F32: 2 | G32: 00 | H32: 44205 | J32: =J33 -> 91.3 | K32: =K33 -> 0 | L32: =L33 -> 0
A33: Расходы на выплаты персоналу в целях обеспечения выполнения функций государственными (муниципальными) органами, казенными учреждениями, органами управления государственными внебюджетными фондами | B33: 919 | C33: 01 | D33: 04 | E33: 65 | F33: 2 | G33: 00 | H33: 44205 | I33: 100 | J33: =J34 -> 91.3 | K33: =K34 -> 0 | L33: =L34 -> 0
A34: Расходы на выплаты персоналу государственных (муниципальных) органов | B34: 919 | C34: 01 | D34: 04 | E34: 65 | F34: 2 | G34: 00 | H34: 44205 | I34: 120 | J34: 91.3 | K34: 0 | L34: 0
A35: Непрограммные расходы главных распорядителей средств бюджета Пушкинского сельского поселения Кадошкинского муниципального района Республики Мордовия | B35: 919 | C35: 01 | D35: 04 | E35: 89 | J35: =J36 -> 0.1 | K35: =K36 -> 0.1 | L35: =L36 -> 0.1
A36: Непрограммные расходы в рамках обеспечения деятельности главных распорядителей средств бюджета Пушкинского сельского поселения Кадошкинского муниципального района Республики Мордовия | B36: 919 | C36: 01 | D36: 04 | E36: 89 | F36: 1 | J36: =J37 -> 0.1 | K36: =K37 -> 0.1 | L36: =L37 -> 0.1
A37: Осуществление государственных полномочий Республики Мордовия по определению перечня должностных лиц, уполномоченных составлять протоколы об административных правонарушениях, предусмотренных Законом Республики Мордовия от 15 июня 2015 года № 38-З "Об административной ответственности на территории Республики Мордовия" | B37: 919 | C37: 01 | D37: 04 | E37: 89 | F37: 1 | G37: 00 | H37: 77150 | J37: =J38 -> 0.1 | K37: =K38 -> 0.1 | L37: =L38 -> 0.1
A38: Закупка товаров, работ и услуг для обеспечения государственных (муниципальных) нужд | B38: 919 | C38: 01 | D38: 04 | E38: 89 | F38: 1 | G38: 00 | H38: 77150 | I38: 200 | J38: =J39 -> 0.1 | K38: =K39 -> 0.1 | L38: =L39 -> 0.1
A39: Иные закупки товаров, работ и услуг для обеспечения государственных (муниципальных) нужд | B39: 919 | C39: 01 | D39: 04 | E39: 89 | F39: 1 | G39: 00 | H39: 77150 | I39: 240 | J39: 0.1 | K39: 0.1 | L39: 0.1
A40: Обеспечение проведения выборов и референдумов | B40: 919 | C40: 01 | D40: 07 | J40: =J41 -> 3 | K40: =K41 -> 0 | L40: =L41 -> 0
A41: Непрограммные расходы главных распорядителей средств бюджета Пушкинского сельского поселения Кадошкинского муниципального района Республики Мордовия | B41: 919 | C41: 01 | D41: 07 | J41: =J42 -> 3 | K41: =K42 -> 0 | L41: =L42 -> 0
A42: Непрограммные расходы в рамках обеспечения деятельности главных распорядителей средств бюджета Пушкинского сельского поселения Кадошкинского муниципального района Республики Мордовия | B42: 919 | C42: 01 | D42: 07 | E42: 89 | F42: 1 | J42: =J43 -> 3 | K42: =K43 -> 0 | L42: =L43 -> 0
A43: Проведение выборов депутатов Пушкинского сельского поселения Кадошкинского муниципального района Республики Мордовия | B43: 919 | C43: 01 | D43: 07 | E43: 89 | F43: 1 | G43: 00 | H43: 41130 | J43: =J44 -> 3 | K43: =K44 -> 0 | L43: =L44 -> 0
A44: Иные бюджетные ассигнования | B44: 919 | C44: 01 | D44: 07 | E44: 89 | F44: 1 | G44: 00 | H44: 41130 | I44: 800 | J44: =J45 -> 3 | K44: =K45 -> 0 | L44: =L45 -> 0
A45: Специальные расходы | B45: 919 | C45: 01 | D45: 07 | E45: 89 | F45: 1 | G45: 00 | H45: 41130 | I45: 880 | J45: 3 | K45: 0 | L45: 0
A46: Резервные фонды | B46: 919 | C46: 01 | D46: 11 | J46: =J47 -> 0.72 | K46: =K47 -> 1 | L46: =L47 -> 1
A47: Непрограммные расходы главных распорядителей средств бюджета Пушкинского сельского поселения Кадошкинского муниципального района Республики Мордовия | B47: 919 | C47: 01 | D47: 11 | E47: 89 | J47: =J48 -> 0.72 | K47: =K48 -> 1 | L47: =L48 -> 1
A48: Непрограммные расходы в рамках обеспечения деятельности главных распорядителей средств бюджета Пушкинского сельского поселения Кадошкинского муниципального района Республики Мордовия | B48: 919 | C48: 01 | D48: 11 | E48: 89 | F48: 1 | J48: =J49 -> 0.72 | K48: =K49 -> 1 | L48: =L49 -> 1
A49: Резервный фонд администрации Пушкинского сельского поселения Кадошкинского муниципального района Республики Мордовия | B49: 919 | C49: 01 | D49: 11 | E49: 89 | F49: 1 | G49: 00 | H49: 41180 | J49: =J50 -> 0.72 | K49: =K50 -> 1 | L49: =L50 -> 1
A50: Иные бюджетные ассигнования | B50: 919 | C50: 01 | D50: 11 | E50: 89 | F50: 1 | G50: 00 | H50: 41180 | I50: 800 | J50: =J51 -> 0.72 | K50: =K51 -> 1 | L50: =L51 -> 1
A51: Резервные средства | B51: 919 | C51: 01 | D51: 11 | E51: 89 | F51: 1 | G51: 00 | H51: 41180 | I51: 870 | J51: =1-0.28 -> 0.72 | K51: 1 | L51: 1 | M51: -0.28
A52: Другие общегосударственные вопросы | B52: 919 | C52: 01 | D52: 13 | J52: =J53+J57 -> 1.5 | K52: =K53+K57 -> 1.5 | L52: =L53+L57 -> 0
A53: Программа "Развитие муниципальной службы в Пушкинском сельском поселении на 2020-2022 годы" | B53: 919 | C53: 01 | D53: 13 | E53: 01 | J53: =J54 -> 1 | K53: =K54 -> 1 | L53: =L54 -> 0
A54: Подготовка, переподготовка и повышение квалификации кадров | B54: 919 | C54: 01 | D54: 13 | E54: 01 | F54: 0 | G54: 00 | H54: 41250 | J54: =J55 -> 1 | K54: =K55 -> 1 | L54: =L55 -> 0
A55: Закупка товаров, работ и услуг для обеспечения государственных (муниципальных) нужд | B55: 919 | C55: 01 | D55: 13 | E55: 01 | F55: 0 | G55: 00 | H55: 41250 | I55: 200 | J55: =J56 -> 1 | K55: =K56 -> 1 | L55: =L56 -> 0
A56: Иные закупки товаров, работ и услуг для обеспечения государственных (муниципальных) нужд | B56: 919 | C56: 01 | D56: 13 | E56: 01 | F56: 0 | G56: 00 | H56: 41250 | I56: 240 | J56: 1 | K56: 1 | L56: 0
A57: Программа "Пожарная безопасность на территории Пушкинского сельского поселения Кадошкинского муниципального района Республики Мордовия на 2020-2022г.г." | B57: 919 | C57: 01 | D57: 13 | E57: 08 | J57: =J58 -> 0.5 | K57: =K58 -> 0.5 | L57: =L58 -> 0
A58: Мероприятия по обеспечению пожарной безопасности | B58: 919 | C58: 01 | D58: 13 | E58: 08 | F58: 0 | G58: 00 | H58: 42120 | J58: =J59 -> 0.5 | K58: =K59 -> 0.5 | L58: =L59 -> 0
A59: Закупка товаров, работ и услуг для обеспечения государственных (муниципальных) нужд | B59: 919 | C59: 01 | D59: 13 | E59: 08 | F59: 0 | G59: 00 | H59: 42120 | I59: 200 | J59: =J60 -> 0.5 | K59: =K60 -> 0.5 | L59: =L60 -> 0
A60: Иные закупки товаров, работ и услуг для обеспечения государственных (муниципальных) нужд | B60: 919 | C60: 01 | D60: 13 | E60: 08 | F60: 0 | G60: 00 | H60: 42120 | I60: 240 | J60: 0.5 | K60: 0.5 | L60: 0
A61: Национальная оборона | B61: 919 | C61: 02 | J61: =J62 -> 86.8 | K61: =K62 -> 87.4 | L61: =L62 -> 90.1
A62: Мобилизационная и вневойсковая подготовка | B62: 919 | C62: 02 | D62: 03 | J62: =J65 -> 86.8 | K62: =K65 -> 87.4 | L62: =L65 -> 90.1
A63: Непрограммные расходы главных распорядителей средств бюджета Пушкинского сельского поселения Кадошкинского муниципального района Республики Мордовия | B63: 919 | C63: 02 | D63: 03 | E63: 89 | J63: =J64 -> 86.8 | K63: =K64 -> 87.4 | L63: =L64 -> 90.1
A64: Непрограммные расходы в рамках обеспечения деятельности главных распорядителей средств бюджета Пушкинского сельского поселения Кадошкинского муниципального района Республики Мордовия | B64: 919 | C64: 02 | D64: 03 | E64: 89 | F64: 1 | J64: =J65 -> 86.8 | K64: =K65 -> 87.4 | L64: =L65 -> 90.1
A65: Осуществление государственных полномочий Российской Федерации о первичному воинскому учету на территориях, где отсутствуют военные комиссариаты | B65: 919 | C65: 02 | D65: 03 | E65: 89 | F65: 1 | G65: 00 | H65: 51180 | J65: =J66+J68 -> 86.8 | K65: =K66+K68 -> 87.4 | L65: =L66+L68 -> 90.1
A66: Расходы на выплаты персоналу в целях обеспечения выполнения функций государственными (муниципальными) органами, казенными учреждениями, органами управления государственными внебюджетными фондами | B66: 919 | C66: 02 | D66: 03 | E66: 89 | F66: 1 | G66: 00 | H66: 51180 | I66: 100 | J66: =J67 -> 82.9 | K66: =K67 -> 83.4 | L66: =L67 -> 86.1
A67: Расходы на выплаты персоналу государственных (муниципальных) органов | B67: 919 | C67: 02 | D67: 03 | E67: 89 | F67: 1 | G67: 00 | H67: 51180 | I67: 120 | J67: 82.9 | K67: 83.4 | L67: 86.1
A68: Закупка товаров, работ и услуг для обеспечения государственных (муниципальных) нужд | B68: 919 | C68: 02 | D68: 03 | E68: 89 | F68: 1 | G68: 00 | H68: 51180 | I68: 200 | J68: =J69 -> 3.9 | K68: =K69 -> 4 | L68: =L69 -> 4
A69: Иные закупки товаров, работ и услуг для обеспечения государственных (муниципальных) нужд | B69: 919 | C69: 02 | D69: 03 | E69: 89 | F69: 1 | G69: 00 | H69: 51180 | I69: 240 | J69: 3.9 | K69: 4 | L69: 4
A70: Национальная безопасность и правоохранительная деятельность | B70: 919 | C70: 03 | J70: =J71 -> 28.31 | K70: =K71 -> 0 | L70: =L71 -> 0
A71: Защита населения и территории от чрезвычайных ситуаций природного и техногенного характера, пожарная безопасность | B71: 919 | C71: 03 | D71: 10 | J71: =J72 -> 28.31 | K71: =K72 -> 0 | L71: =L72 -> 0
A72: Непрограммные расходы главных распорядителей средств бюджета Пушкинского сельского поселения Кадошкинского муниципального района Республики Мордовия | B72: 919 | C72: 03 | D72: 10 | E72: 89 | J72: =J73 -> 28.31 | K72: =K73 -> 0 | L72: =L73 -> 0
A73: Непрограммные расходы в рамках обеспечения деятельности главных распорядителей средств бюджета Пушкинского сельского поселения Кадошкинского муниципального района Республики Мордовия | B73: 919 | C73: 03 | D73: 10 | E73: 89 | F73: 1 | J73: =J74+J77 -> 28.31 | K73: =K74+K77 -> 0 | L73: =L74+L77 -> 0
A74: Резервный фонд администрации Пушкинского сельского поселения Кадошкинского муниципального района Республики Мордовия | B74: 919 | C74: 03 | D74: 10 | E74: 89 | F74: 1 | G74: 00 | H74: 41180 | J74: =J75 -> 0.28 | K74: =K75 -> 0 | L74: =L75 -> 0
A75: Закупка товаров, работ и услуг для обеспечения государственных (муниципальных) нужд | B75: 919 | C75: 03 | D75: 10 | E75: 89 | F75: 1 | G75: 00 | H75: 41180 | I75: 200 | J75: =J76 -> 0.28 | K75: =K76 -> 0 | L75: =L76 -> 0
A76: Иные закупки товаров, работ и услуг для обеспечения государственных (муниципальных) нужд | B76: 919 | C76: 03 | D76: 10 | E76: 89 | F76: 1 | G76: 00 | H76: 41180 | I76: 240 | J76: 0.28 | K76: 0 | L76: 0
A77: Резервный фонд Правительства Республики Мордовия | B77: 919 | C77: 03 | D77: 10 | E77: 89 | F77: 1 | G77: 00 | H77: 80190 | J77: =J78 -> 28.03 | K77: =K78 -> 0 | L77: =L78 -> 0
A78: Закупка товаров, работ и услуг для обеспечения государственных (муниципальных) нужд | B78: 919 | C78: 03 | D78: 10 | E78: 89 | F78: 1 | G78: 00 | H78: 80190 | I78: 200 | J78: =J79 -> 28.03 | K78: =K79 -> 0 | L78: =L79 -> 0
A79: Иные закупки товаров, работ и услуг для обеспечения государственных (муниципальных) нужд | B79: 919 | C79: 03 | D79: 10 | E79: 89 | F79: 1 | G79: 00 | H79: 80190 | I79: 240 | J79: 28.03 | K79: 0 | L79: 0
A80: Национальная экономика | B80: 919 | C80: 04 | J80: =J81 -> 628.4 | K80: =K81 -> 670.3 | L80: =L81 -> 690.6
A81: Дорожное хозяйство (дорожные фонды) | B81: 919 | C81: 04 | D81: 09 | J81: =J82 -> 628.4 | K81: =K82 -> 670.3 | L81: =L82 -> 690.6
A82: Программа комплексного развития транспортной инфраструктуры Пушкинского сельского поселения Кадошкинского муниципального района Республики Мордовия на 2017-2025 годы | B82: 919 | C82: 04 | D82: 09 | E82: 13 | J82: =J83 -> 628.4 | K82: =K83 -> 670.3 | L82: =L83 -> 690.6
A83: Иные межбюджетные трансферты на осуществление полномочий по дорожной деятельности в отношении автомобильных дорог местного значения в границах населенных пунктов поселения и обеспечению безопасности дорожного движения на них, включая создание и обеспечение функционирования парковок (парковочных мест), осуществлению муниципального контроля за сохранностью автомобильных дорог местного значения в границах населенных пунктов поселения, организации дорожного движения, а также осуществлению иных полномочий в области использования автомобильных дорог и осуществления дорожной деятельности в соответствии с законодательством Российской Федерации | B83: 919 | C83: 04 | D83: 09 | E83: 13 | F83: 0 | G83: 00 | H83: 44102 | J83: =J84 -> 628.4 | K83: =K84 -> 670.3 | L83: =L84 -> 690.6
A84: Закупка товаров, работ и услуг для обеспечения государственных (муниципальных) нужд | B84: 919 | C84: 04 | D84: 09 | E84: 13 | F84: 0 | G84: 00 | H84: 44102 | I84: 200 | J84: =J85 -> 628.4 | K84: =K85 -> 670.3 | L84: =L85 -> 690.6
A85: Иные закупки товаров, работ и услуг для обеспечения государственных (муниципальных) нужд | B85: 919 | C85: 04 | D85: 09 | E85: 13 | F85: 0 | G85: 00 | H85: 44102 | I85: 240 | J85: 628.4 | K85: 670.3 | L85: 690.6
A86: Жилищно-коммунальное хозяйство | B86: 919 | C86: 05 | J86: =J87+J93 -> 265.6 | K86: =K87+K93 -> 14.4 | L86: =L87+L93 -> 75.7
A87: Коммунальное хозяйство | B87: 919 | C87: 05 | D87: 02 | J87: =J88 -> 157.6 | K87: =K88 -> 0.4 | L87: =L88 -> 0.4
A88: Непрограммные расходы главных распорядителей средств бюджета Пушкинского сельского поселения Кадошкинского муниципального района Республики Мордовия | B88: 919 | C88: 05 | D88: 02 | E88: 89 | J88: =J89 -> 157.6 | K88: =K89 -> 0.4 | L88: =L89 -> 0.4
A89: Непрограммные расходы в рамках обеспечения деятельности главных распорядителей средств бюджета Пушкинского сельского поселения Кадошкинского муниципального района Республики Мордовия | B89: 919 | C89: 05 | D89: 02 | E89: 89 | F89: 1 | J89: =J90 -> 157.6 | K89: =K90 -> 0.4 | L89: =L90 -> 0.4
A90: Иные межбюджетные трансферты на осуществление полномочий по организации в границах поселения электро-, тепло-, газо- и водоснабжения населения, водоотведения, снабжения населения топливом в пределах полномочий, установленных законодательством Российской Федерации | B90: 919 | C90: 05 | D90: 02 | E90: 89 | F90: 1 | G90: 00 | H90: 44101 | J90: =J91 -> 157.6 | K90: =K91 -> 0.4 | L90: =L91 -> 0.4
A91: Закупка товаров, работ и услуг для обеспечения государственных (муниципальных) нужд | B91: 919 | C91: 05 | D91: 02 | E91: 89 | F91: 1 | G91: 00 | H91: 44101 | I91: 200 | J91: =J92 -> 157.6 | K91: =K92 -> 0.4 | L91: =L92 -> 0.4
A92: Иные закупки товаров, работ и услуг для обеспечения государственных (муниципальных) нужд | B92: 919 | C92: 05 | D92: 02 | E92: 89 | F92: 1 | G92: 00 | H92: 44101 | I92: 240 | J92: =0.4+40+117.2 -> 157.6 | K92: 0.4 | L92: 0.4 | M92: 40
A93: Благоустройство | B93: 919 | C93: 05 | D93: 03 | J93: =J94 -> 108 | K93: =K94 -> 14 | L93: =L94 -> 75.3
A94: Непрограммные расходы главных распорядителей средств бюджета Пушкинского сельского поселения Кадошкинского муниципального района Республики Мордовия | B94: 919 | C94: 05 | D94: 03 | E94: 89 | J94: =J95 -> 108 | K94: =K95 -> 14 | L94: =L95 -> 75.3
A95: Непрограммные расходы в рамках обеспечения деятельности главных распорядителей средств бюджета Пушкинского сельского поселения Кадошкинского муниципального района Республики Мордовия | B95: 919 | C95: 05 | D95: 03 | E95: 89 | F95: 1 | J95: =J96+J99 -> 108 | K95: =K96+K99 -> 14 | L95: =L96+L99 -> 75.3
A96: Уличное освещение | B96: 919 | C96: 05 | D96: 03 | E96: 89 | F96: 1 | G96: 00 | H96: 43010 | J96: =J97 -> 73.7 | K96: =K97 -> 12 | L96: =L97 -> 39.6
A97: Закупка товаров, работ и услуг для обеспечения государственных (муниципальных) нужд | B97: 919 | C97: 05 | D97: 03 | E97: 89 | F97: 1 | G97: 00 | H97: 43010 | I97: 200 | J97: =J98 -> 73.7 | K97: =K98 -> 12 | L97: =L98 -> 39.6
A98: Иные закупки товаров, работ и услуг для обеспечения государственных (муниципальных) нужд | B98: 919 | C98: 05 | D98: 03 | E98: 89 | F98: 1 | G98: 00 | H98: 43010 | I98: 240 | J98: 73.7 | K98: 12 | L98: 39.6
A99: Прочие мероприятия по благоустройству | B99: 919 | C99: 05 | D99: 03 | E99: 89 | F99: 1 | G99: 00 | H99: 43040 | J99: =J100 -> 34.3 | K99: =K100 -> 2 | L99: =L100 -> 35.7
A100: Закупка товаров, работ и услуг для обеспечения государственных (муниципальных) нужд | B100: 919 | C100: 05 | D100: 03 | E100: 89 | F100: 1 | G100: 00 | H100: 43040 | I100: 200 | J100: =J101 -> 34.3 | K100: =K101 -> 2 | L100: =L101 -> 35.7
A101: Иные закупки товаров, работ и услуг для обеспечения государственных (муниципальных) нужд | B101: 919 | C101: 05 | D101: 03 | E101: 89 | F101: 1 | G101: 00 | H101: 43040 | I101: 240 | J101: =37.3-3 -> 34.3 | K101: 2 | L101: 35.7
...

Sheet Прил 6
I1: Приложение 6
J2: к решению сессии Совета депутатов Пушкинского сельского поселения "О бюджете Пушкинского сельского поселения Кадошкинского муниципального района Республики Мордовия на 2021 год и на плановый период 2022 и 2023 годов"
A3: РАСПРЕДЕЛЕНИЕ БЮДЖЕТНЫХ АССИГНОВАНИЙ БЮДЖЕТА ПУШКИНСКОГО СЕЛЬСКОГО ПОСЕЛЕНИЯ КАДОШКИНСКОГО МУНИЦИПАЛЬНОГО РАЙОНА РЕСПУБЛИКИ МОРДОВИЯ ПО ЦЕЛЕВЫМ СТАТЬЯМ, ГРУППАМ (ГРУППАМ И ПОДГРУППАМ) ВИДОВ РАСХОДОВ КЛАССИФИКАЦИИ РАСХОДОВ БЮДЖЕТОВ, А ТАКЖЕ ПО РАЗДЕЛАМ И ПОДРАЗДЕЛАМ КЛАССИФИКАЦИИ РАСХОДОВ БЮДЖЕТОВ НА 2021 ГОД И НА ПЛАНОВЫЙ ПЕРИОД 2022 И 2023 ГОДОВ
A5: Наименование | B5: ЦСР | F5: ВР | G5: Рз | H5: ПРз | I5: Адм | J5: Сумма (тыс. рублей)
J6: 2021 год | K6: 2022 год | L6: 2023 год
A7: 1 | B7: 2 | C7: 3 | D7: 4 | E7: 5 | F7: 6 | G7: 7 | H7: 8 | I7: 9 | J7: 10 | K7: 11 | L7: 12
A8: ВСЕГО | J8: =J30+J72+J9+J16+J23 -> 2469.23 | K8: =K30+K72+K9+K16+K23 -> 1764.3 | L8: =L30+L72+L9+L16+L23 -> 1975.8
A9: Программа "Развитие муниципальной службы в Пушкинском сельском поселении на 2020-2022 годы" | B9: 01 | J9: =J10 -> 1 | K9: =K10 -> 1 | L9: =L10 -> 0
A10: Подготовка, переподготовка и повышение квалификации кадров | B10: 01 | C10: 0 | D10: 00 | E10: 41250 | J10: =J11 -> 1 | K10: =K11 -> 1 | L10: =L11 -> 0
A11: Закупка товаров, работ и услуг для обеспечения государственных (муниципальных) нужд | B11: 01 | C11: 0 | D11: 00 | E11: 41250 | F11: 200 | J11: =J12 -> 1 | K11: =K12 -> 1 | L11: =L12 -> 0
A12: Иные закупки товаров, работ и услуг для обеспечения государственных (муниципальных) нужд | B12: 01 | C12: 0 | D12: 00 | E12: 41250 | F12: 240 | J12: =J13 -> 1 | K12: =K13 -> 1 | L12: =L13 -> 0
A13: Общегосударственные вопросы | B13: 01 | C13: 0 | D13: 00 | E13: 41250 | F13: 240 | G13: 01 | J13: =J14 -> 1 | K13: =K14 -> 1 | L13: =L14 -> 0
A14: Другие общегосударственные вопросы | B14: 01 | C14: 0 | D14: 00 | E14: 41250 | F14: 240 | G14: 01 | H14: 13 | J14: =J15 -> 1 | K14: =K15 -> 1 | L14: =L15 -> 0
A15: Администрация Пушкинского сельского поселения Кадошкинского муниципального района Республики Мордовия | B15: 01 | C15: 0 | D15: 00 | E15: 41250 | F15: 240 | G15: 01 | H15: 13 | I15: 919 | J15: ='Прил 5'!J56 -> 1 | K15: ='Прил 5'!K56 -> 1 | L15: ='Прил 5'!L56 -> 0
A16: Программа "Пожарная безопасность на территории Пушкинского сельского поселения Кадошкинского муниципального района Республики Мордовия на 2020-2022г.г." | B16: 08 | J16: =J17 -> 0.5 | K16: =K17 -> 0.5 | L16: =L17 -> 0
A17: Мероприятия по обеспечению пожарной безопасности | B17: 08 | C17: 0 | D17: 00 | E17: 42120 | J17: =J18 -> 0.5 | K17: =K18 -> 0.5 | L17: =L18 -> 0
A18: Закупка товаров, работ и услуг для обеспечения государственных (муниципальных) нужд | B18: 08 | C18: 0 | D18: 00 | E18: 42120 | F18: 200 | J18: =J19 -> 0.5 | K18: =K19 -> 0.5 | L18: =L19 -> 0
A19: Иные закупки товаров, работ и услуг для обеспечения государственных (муниципальных) нужд | B19: 08 | C19: 0 | D19: 00 | E19: 42120 | F19: 240 | J19: =J20 -> 0.5 | K19: =K20 -> 0.5 | L19: =L20 -> 0
A20: Общегосударственные вопросы | B20: 08 | C20: 0 | D20: 00 | E20: 42120 | F20: 240 | G20: 01 | J20: =J21 -> 0.5 | K20: =K21 -> 0.5 | L20: =L21 -> 0
A21: Другие общегосударственные вопросы | B21: 08 | C21: 0 | D21: 00 | E21: 42120 | F21: 240 | G21: 01 | H21: 13 | J21: =J22 -> 0.5 | K21: =K22 -> 0.5 | L21: =L22 -> 0
A22: Администрация Пушкинского сельского поселения Кадошкинского муниципального района Республики Мордовия | B22: 08 | C22: 0 | D22: 00 | E22: 42120 | F22: 240 | G22: 01 | H22: 13 | I22: 919 | J22: ='Прил 5'!J60 -> 0.5 | K22: ='Прил 5'!K60 -> 0.5 | L22: ='Прил 5'!L60 -> 0
A23: Программа комплексного развития транспортной инфраструктуры Пушкинского сельского поселения Кадошкинского муниципального района Республики Мордовия на 2017-2025 годы | B23: 13 | J23: =J24 -> 628.4 | K23: =K24 -> 670.3 | L23: =L24 -> 690.6
A24: Иные межбюджетные трансферты на осуществление полномочий по дорожной деятельности в отношении автомобильных дорог местного значения в границах населенных пунктов поселения и обеспечению безопасности дорожного движения на них, включая создание и обеспечение функционирования парковок (парковочных мест), осуществлению муниципального контроля за сохранностью автомобильных дорог местного значения в границах населенных пунктов поселения, организации дорожного движения, а также осуществлению иных полномочий в области использования автомобильных дорог и осуществления дорожной деятельности в соответствии с законодательством Российской Федерации | B24: 13 | C24: 0 | D24: 00 | E24: 44102 | J24: =J25 -> 628.4 | K24: =K25 -> 670.3 | L24: =L25 -> 690.6
A25: Иные закупки товаров, работ и услуг для обеспечения государственных (муниципальных) нужд | B25: 13 | C25: 0 | D25: 00 | E25: 44102 | F25: 200 | J25: =J26 -> 628.4 | K25: =K26 -> 670.3 | L25: =L26 -> 690.6
A26: Прочая закупка товаров, работ и услуг | B26: 13 | C26: 0 | D26: 00 | E26: 44102 | F26: 240 | J26: =J27 -> 628.4 | K26: =K27 -> 670.3 | L26: =L27 -> 690.6
A27: Национальная экономика | B27: 13 | C27: 0 | D27: 00 | E27: 44102 | F27: 240 | G27: 04 | J27: =J28 -> 628.4 | K27: =K28 -> 670.3 | L27: =L28 -> 690.6
A28: Дорожное хозяйство (дорожные фонды) | B28: 13 | C28: 0 | D28: 00 | E28: 44102 | F28: 240 | G28: 04 | H28: 09 | J28: =J29 -> 628.4 | K28: =K29 -> 670.3 | L28: =L29 -> 690.6
A29: Администрация Пушкинского сельского поселения Кадошкинского муниципального района Республики Мордовия | B29: 13 | C29: 0 | D29: 00 | E29: 44102 | F29: 240 | G29: 04 | H29: 09 | I29: 919 | J29: ='Прил 5'!J85 -> 628.4 | K29: ='Прил 5'!K85 -> 670.3 | L29: ='Прил 5'!L85 -> 690.6
A30: Обеспечение деятельности администрации | B30: 65 | J30: =J31+J44 -> 1210.6 | K30: =K31+K44 -> 737 | L30: =L31+L44 -> 856.7
A31: Высшее должностное лицо | B31: 65 | C31: 1 | J31: =J32+J38 -> 444.1 | K31: =K32+K38 -> 234.2 | L31: =L32+L38 -> 295.95
A32: Расходы на выплаты по оплате труда высшего должностного лица муниципального образования | B32: 65 | C32: 1 | D32: 00 | E32: 41150 | J32: =J35 -> 343.4 | K32: =K35 -> 234.2 | L32: =L35 -> 295.95
A33: Расходы на выплаты персоналу в целях обеспечения выполнения функций государственными (муниципальными) органами, казенными учреждениями, органами управления государственными внебюджетными фондами | B33: 65 | C33: 1 | D33: 00 | E33: 41150 | F33: 100 | J33: =J34 -> 343.4 | K33: =K34 -> 234.2 | L33: =L34 -> 295.95
A34: Расходы на выплаты персоналу государственных (муниципальных) органов | B34: 65 | C34: 1 | D34: 00 | E34: 41150 | F34: 120 | J34: =J35 -> 343.4 | K34: =K35 -> 234.2 | L34: =L35 -> 295.95
A35: Общегосударственные вопросы | B35: 65 | C35: 1 | D35: 00 | E35: 41150 | F35: 120 | G35: 01 | J35: =J36 -> 343.4 | K35: =K36 -> 234.2 | L35: =L36 -> 295.95
A36: Функционирование высшего должностного лица субъекта Российской Федерации и муниципального образования | B36: 65 | C36: 1 | D36: 00 | E36: 41150 | F36: 120 | G36: 01 | H36: 02 | J36: =J37 -> 343.4 | K36: =K37 -> 234.2 | L36: =L37 -> 295.95
A37: Администрация Пушкинского сельского поселения Кадошкинского муниципального района Республики Мордовия | B37: 65 | C37: 1 | D37: 00 | E37: 41150 | F37: 120 | G37: 01 | H37: 02 | I37: 919 | J37: ='Прил 5'!J16 -> 343.4 | K37: ='Прил 5'!K16 -> 234.2 | L37: ='Прил 5'!L16 -> 295.95
A38: Субсидии на софинансирование расходных обязательств по финансовому обеспечению деятельности органов местного самоуправления и муниципальных учреждений | B38: 65 | C38: 1 | D38: 00 | E38: 44205 | J38: =J39 -> 100.7 | K38: =K39 -> 0 | L38: =L39 -> 0
A39: Расходы на выплаты персоналу в целях обеспечения выполнения функций государственными (муниципальными) органами, казенными учреждениями, органами управления государственными внебюджетными фондами | B39: 65 | C39: 1 | D39: 00 | E39: 44205 | F39: 100 | J39: =J40 -> 100.7 | K39: =K40 -> 0 | L39: =L40 -> 0
A40: Расходы на выплаты персоналу государственных (муниципальных) органов | B40: 65 | C40: 1 | D40: 00 | E40: 44205 | F40: 120 | J40: =J41 -> 100.7 | K40: =K41 -> 0 | L40: =L41 -> 0
A41: Общегосударственные вопросы | B41: 65 | C41: 1 | D41: 00 | E41: 44205 | F41: 120 | G41: 01 | J41: =J42 -> 100.7 | K41: =K42 -> 0 | L41: =L42 -> 0
A42: Функционирование высшего должностного лица субъекта Российской Федерации и муниципального образования | B42: 65 | C42: 1 | D42: 00 | E42: 44205 | F42: 120 | G42: 01 | H42: 02 | J42: =J43 -> 100.7 | K42: =K43 -> 0 | L42: =L43 -> 0
A43: Администрация Пушкинского сельского поселения Кадошкинского муниципального района Республики Мордовия | B43: 65 | C43: 1 | D43: 00 | E43: 44205 | F43: 120 | G43: 01 | H43: 02 | I43: 919 | J43: ='Прил 5'!J19 -> 100.7 | K43: ='Прил 5'!K19 -> 0 | L43: ='Прил 5'!L19 -> 0
A44: Непрограммные расходы в рамках обеспечения деятельности администрации | B44: 65 | C44: 2 | J44: =J45+J51+J66 -> 766.5 | K44: =K45+K51+K66 -> 502.8 | L44: =L45+L51+L66 -> 560.75
A45: Расходы на выплаты по оплате труда работников органов местного самоуправления | B45: 65 | C45: 2 | D45: 00 | E45: 41110 | J45: =J46 -> 417.8 | K45: =K48 -> 479.1 | L45: =L48 -> 458.35
A46: Расходы на выплаты персоналу в целях обеспечения выполнения функций государственными (муниципальными) органами, казенными учреждениями, органами управления государственными внебюджетными фондами | B46: 65 | C46: 2 | D46: 00 | E46: 41110 | F46: 100 | J46: =J47 -> 417.8 | K46: =K47 -> 479.1 | L46: =L47 -> 458.35
A47: Расходы на выплаты персоналу государственных (муниципальных) органов | B47: 65 | C47: 2 | D47: 00 | E47: 41110 | F47: 120 | J47: =J48 -> 417.8 | K47: =K48 -> 479.1 | L47: =L48 -> 458.35
A48: Общегосударственные вопросы | B48: 65 | C48: 2 | D48: 00 | E48: 41110 | F48: 120 | G48: 01 | J48: =J49 -> 417.8 | K48: =K49 -> 479.1 | L48: =L49 -> 458.35
A49: Функционирование Правительства Российской Федерации, высших органов исполнительной власти субъектов Российской Федерации, местных администраций | B49: 65 | C49: 2 | D49: 00 | E49: 41110 | F49: 120 | G49: 01 | H49: 04 | J49: =J50 -> 417.8 | K49: =K50 -> 479.1 | L49: =L50 -> 458.35
A50: Администрация Пушкинского сельского поселения Кадошкинского муниципального района Республики Мордовия | B50: 65 | C50: 2 | D50: 00 | E50: 41110 | F50: 120 | G50: 01 | H50: 04 | I50: 919 | J50: ='Прил 5'!J25 -> 417.8 | K50: ='Прил 5'!K25 -> 479.1 | L50: ='Прил 5'!L25 -> 458.35
A51: Расходы на обеспечение функций органов местного самоуправленя | B51: 65 | C51: 2 | D51: 00 | E51: 41120 | J51: =J54+J57 -> 257.4 | K51: =K54+K57 -> 23.7 | L51: =L54+L57 -> 102.4
A52: Закупка товаров, работ и услуг для обеспечения государственных (муниципальных) нужд | B52: 65 | C52: 2 | D52: 00 | E52: 41120 | F52: 200 | J52: =J53 -> 220.9 | K52: =K53 -> 11.7 | L52: =L53 -> 90.4
A53: Иные закупки товаров, работ и услуг для обеспечения государственных (муниципальных) нужд | B53: 65 | C53: 2 | D53: 00 | E53: 41120 | F53: 240 | J53: =J54 -> 220.9 | K53: =K54 -> 11.7 | L53: =L54 -> 90.4
A54: Общегосударственные вопросы | B54: 65 | C54: 2 | D54: 00 | E54: 41120 | F54: 240 | G54: 01 | J54: =J55 -> 220.9 | K54: =K55 -> 11.7 | L54: =L55 -> 90.4
A55: Функционирование Правительства Российской Федерации, высших органов исполнительной власти субъектов Российской Федерации, местных администраций | B55: 65 | C55: 2 | D55: 00 | E55: 41120 | F55: 240 | G55: 01 | H55: 04 | J55: =J56 -> 220.9 | K55: =K56 -> 11.7 | L55: =L56 -> 90.4
A56: Администрация Пушкинского сельского поселения Кадошкинского муниципального района Республики Мордовия | B56: 65 | C56: 2 | D56: 00 | E56: 41120 | F56: 240 | G56: 01 | H56: 04 | I56: 919 | J56: ='Прил 5'!J27 -> 220.9 | K56: ='Прил 5'!K27 -> 11.7 | L56: ='Прил 5'!L27 -> 90.4
A57: Закупка товаров, работ и услуг для обеспечения государственных (муниципальных) нужд | B57: 65 | C57: 2 | D57: 00 | E57: 41120 | F57: 800 | J57: =J62+J58 -> 36.5 | K57: =K62 -> 12 | L57: =L62 -> 12
A58: Исполнение судебных актов | B58: 65 | C58: 2 | D58: 00 | E58: 41120 | F58: 830 | J58: =J59 -> 1 | K58: =K59 -> 0 | L58: =L59 -> 0
A59: Общегосударственные вопросы | B59: 65 | C59: 2 | D59: 00 | E59: 41120 | F59: 830 | G59: 01 | J59: =J60 -> 1 | K59: =K60 -> 0 | L59: =L60 -> 0
A60: Функционирование Правительства Российской Федерации, высших органов исполнительной власти субъектов Российской Федерации, местных администраций | B60: 65 | C60: 2 | D60: 00 | E60: 41120 | F60: 830 | G60: 01 | H60: 04 | J60: =J61 -> 1 | K60: =K61 -> 0 | L60: =L61 -> 0
A61: Администрация Пушкинского сельского поселения Кадошкинского муниципального района Республики Мордовия | B61: 65 | C61: 2 | D61: 00 | E61: 41120 | F61: 830 | G61: 01 | H61: 04 | I61: 919 | J61: ='Прил 5'!J30 -> 1 | K61: ='Прил 5'!K30 -> 0 | L61: ='Прил 5'!L30 -> 0
A62: Иные закупки товаров, работ и услуг для обеспечения государственных (муниципальных) нужд | B62: 65 | C62: 2 | D62: 00 | E62: 41120 | F62: 850 | J62: =J63 -> 35.5 | K62: =K63 -> 12 | L62: =L63 -> 12
A63: Общегосударственные вопросы | B63: 65 | C63: 2 | D63: 00 | E63: 41120 | F63: 850 | G63: 01 | J63: =J64 -> 35.5 | K63: =K64 -> 12 | L63: =L64 -> 12
A64: Функционирование Правительства Российской Федерации, высших органов исполнительной власти субъектов Российской Федерации, местных администраций | B64: 65 | C64: 2 | D64: 00 | E64: 41120 | F64: 850 | G64: 01 | H64: 04 | J64: =J65 -> 35.5 | K64: =K65 -> 12 | L64: =L65 -> 12
A65: Администрация Пушкинского сельского поселения Кадошкинского муниципального района Республики Мордовия | B65: 65 | C65: 2 | D65: 00 | E65: 41120 | F65: 850 | G65: 01 | H65: 04 | I65: 919 | J65: ='Прил 5'!J31 -> 35.5 | K65: ='Прил 5'!K29 -> 12 | L65: ='Прил 5'!L29 -> 12
A66: Субсидии на софинансирование расходных обязательств по финансовому обеспечению деятельности органов местного самоуправления и муниципальных учреждений | B66: 65 | C66: 2 | D66: 00 | E66: 44205 | J66: =J67 -> 91.3 | K66: =K67 -> 0 | L66: =L67 -> 0
A67: Расходы на выплаты персоналу в целях обеспечения выполнения функций государственными (муниципальными) органами, казенными учреждениями, органами управления государственными внебюджетными фондами | B67: 65 | C67: 2 | D67: 00 | E67: 44205 | F67: 100 | J67: =J68 -> 91.3 | K67: =K68 -> 0 | L67: =L68 -> 0
A68: Расходы на выплаты персоналу государственных (муниципальных) органов | B68: 65 | C68: 2 | D68: 00 | E68: 44205 | F68: 120 | J68: =J69 -> 91.3 | K68: =K69 -> 0 | L68: =L69 -> 0
A69: Общегосударственные вопросы | B69: 65 | C69: 2 | D69: 00 | E69: 44205 | F69: 120 | G69: 01 | J69: =J70 -> 91.3 | K69: =K70 -> 0 | L69: =L70 -> 0
A70: Функционирование Правительства Российской Федерации, высших органов исполнительной власти субъектов Российской Федерации, местных администраций | B70: 65 | C70: 2 | D70: 00 | E70: 44205 | F70: 120 | G70: 01 | H70: 04 | J70: =J71 -> 91.3 | K70: =K71 -> 0 | L70: =L71 -> 0
A71: Администрация Пушкинского сельского поселения Кадошкинского муниципального района Республики Мордовия | B71: 65 | C71: 2 | D71: 00 | E71: 44205 | F71: 120 | G71: 01 | H71: 04 | I71: 919 | J71: ='Прил 5'!J34 -> 91.3 | K71: ='Прил 5'!K34 -> 0 | L71: ='Прил 5'!L34 -> 0
A72: Непрограммные расходы главных распорядителей средств бюджета Пушкинского сельского поселения Кадошкинского муниципального района Республики Мордовия | B72: 89 | J72: =J73 -> 628.73 | K72: =K73 -> 355.5 | L72: =L73 -> 428.5
A73: Непрограммные расходы в рамках обеспечения деятельности главных распорядителей средств бюджета Пушкинского сельского поселения Кадошкинского муниципального района Республики Мордовия | B73: 89 | C73: 1 | J73: =J79+J95+J101+J125+J131+J142+J113+J119+J136+J107+J86+J143+J80 -> 628.73 | K73: =K79+K95+K101+K125+K131+K142+K113+K119+K136+K107 -> 355.5 | L73: =L79+L95+L101+L125+L131+L142+L113+L119+L136+L107 -> 428.5
A74: Доплаты к пенсиям муниципальных служащих | B74: 89 | C74: 1 | D74: 00 | E74: 03010 | J74: =J77 -> 240.9 | K74: =K77 -> 207.4 | L74: =L77 -> 163.9
A75: Социальное обеспечение и иные выплаты населению | B75: 89 | C75: 1 | D75: 00 | E75: 03010 | F75: 300 | J75: =J76 -> 240.9 | K75: =K76 -> 207.4 | L75: =L76 -> 163.9
A76: Публичные нормативные социальные выплаты гражданам | B76: 89 | C76: 1 | D76: 00 | E76: 03010 | F76: 310 | J76: =J77 -> 240.9 | K76: =K77 -> 207.4 | L76: =L77 -> 163.9
A77: Социальная политика | B77: 89 | C77: 1 | D77: 00 | E77: 03010 | F77: 310 | G77: 10 | J77: =J78 -> 240.9 | K77: =K78 -> 207.4 | L77: =L78 -> 163.9
A78: Пенсионное обеспечение | B78: 89 | C78: 1 | D78: 00 | E78: 03010 | F78: 310 | G78: 10 | H78: 01 | J78: =J79 -> 240.9 | K78: =K79 -> 207.4 | L78: =L79 -> 163.9
A79: Администрация Пушкинского сельского поселения Кадошкинского муниципального района Республики Мордовия | B79: 89 | C79: 1 | D79: 00 | E79: 03010 | F79: 310 | G79: 10 | H79: 01 | I79: 919 | J79: ='Прил 5'!J108 -> 240.9 | K79: ='Прил 5'!K108 -> 207.4 | L79: ='Прил 5'!L108 -> 163.9
A80: Проведение выборов депутатов Пушкинского сельского поселения Кадошкинского муниципального района Республики Мордовия | B80: 89 | C80: 1 | D80: 00 | E80: 41130 | J80: =J81 -> 3 | K80: =K81 -> 0 | L80: =L81 -> 0
A81: Иные бюджетные ассигнования | B81: 89 | C81: 1 | D81: 00 | E81: 41130 | F81: 800 | J81: =J82 -> 3 | K81: =K82 -> 0 | L81: =L82 -> 0
A82: Специальные расходы | B82: 89 | C82: 1 | D82: 00 | E82: 41130 | F82: 880 | J82: =J83 -> 3 | K82: =K83 -> 0 | L82: =L83 -> 0
A83: Общегосударственные вопросы | B83: 89 | C83: 1 | D83: 00 | E83: 41130 | F83: 880 | G83: 01 | J83: =J84 -> 3 | K83: =K84 -> 0 | L83: =L84 -> 0
A84: Обеспечение проведения выборов и референдумов | B84: 89 | C84: 1 | D84: 00 | E84: 41130 | F84: 880 | G84: 01 | H84: 07 | J84: =J85 -> 3 | K84: =K85 -> 0 | L84: =L85 -> 0
A85: Администрация Пушкинского сельского поселения Кадошкинского муниципального района Республики Мордовия | B85: 89 | C85: 1 | D85: 00 | E85: 41130 | F85: 880 | G85: 01 | H85: 07 | I85: 919 | J85: ='Прил 5'!J45 -> 3 | K85: ='Прил 5'!K45 -> 0 | L85: ='Прил 5'!L45 -> 0
A86: Резервный фонд администрации Пушкинского сельского поселения Кадошкинского муниципального района Республики Мордовия | B86: 89 | C86: 1 | D86: 00 | E86: 41180 | J86: =J87 -> 0.28 | K86: =K87 -> 0 | L86: =L87 -> 0
A87: Иные закупки товаров, работ и услуг для обеспечения государственных (муниципальных) нужд | B87: 89 | C87: 1 | D87: 00 | E87: 41180 | F87: 200 | J87: =J88 -> 0.28 | K87: =K88 -> 0 | L87: =L88 -> 0
A88: Прочая закупка товаров, работ и услуг | B88: 89 | C88: 1 | D88: 00 | E88: 41180 | F88: 240 | J88: =J89 -> 0.28 | K88: =K89 -> 0 | L88: =L89 -> 0
A89: Национальная безопасность и правоохранительная деятельность | B89: 89 | C89: 1 | D89: 00 | E89: 41180 | F89: 240 | G89: 03 | J89: =J90 -> 0.28 | K89: =K90 -> 0 | L89: =L90 -> 0
A90: Защита населения и территории от чрезвычайных ситуаций природного и техногенного характера, пожарная безопасность | B90: 89 | C90: 1 | D90: 00 | E90: 41180 | F90: 240 | G90: 03 | H90: 10 | J90: =J91 -> 0.28 | K90: =K91 -> 0 | L90: =L91 -> 0
A91: Администрация Пушкинского сельского поселения Кадошкинского муниципального района Республики Мордовия | B91: 89 | C91: 1 | D91: 00 | E91: 41180 | F91: 240 | G91: 03 | H91: 10 | I91: 919 | J91: ='Прил 5'!J76 -> 0.28 | K91: ='Прил 5'!K76 -> 0 | L91: ='Прил 5'!L76 -> 0
A92: Резервные средства | B92: 89 | C92: 1 | D92: 00 | E92: 41180 | F92: 870 | J92: =J93 -> 0.72 | K92: =K93 -> 1 | L92: =L93 -> 1
A93: Общегосударственные вопросы | B93: 89 | C93: 1 | D93: 00 | E93: 41180 | F93: 870 | G93: 01 | J93: =J94 -> 0.72 | K93: =K94 -> 1 | L93: =L94 -> 1
A94: Резервные фонды | B94: 89 | C94: 1 | D94: 00 | E94: 41180 | F94: 870 | G94: 01 | H94: 11 | J94: =J95 -> 0.72 | K94: =K95 -> 1 | L94: =L95 -> 1
A95: Администрация Пушкинского сельского поселения Кадошкинского муниципального района Республики Мордовия | B95: 89 | C95: 1 | D95: 00 | E95: 41180 | F95: 870 | G95: 01 | H95: 11 | I95: 919 | J95: ='Прил 5'!J51 -> 0.72 | K95: ='Прил 5'!K51 -> 1 | L95: ='Прил 5'!L51 -> 1
A96: Процентные платежи по муниципальному долгу | B96: 89 | C96: 1 | D96: 00 | E96: 41240 | J96: =J99 -> 3.3 | K96: =K99 -> 3.3 | L96: =L99 -> 3.3
A97: Обслуживание государственного (муниципального) долга | B97: 89 | C97: 1 | D97: 00 | E97: 41240 | F97: 700 | J97: =J98 -> 3.3 | K97: =K98 -> 3.3 | L97: =L98 -> 3.3
A98: Обслуживание муниципального долга | B98: 89 | C98: 1 | D98: 00 | E98: 41240 | F98: 730 | J98: =J99 -> 3.3 | K98: =K99 -> 3.3 | L98: =L99 -> 3.3
A99: Обслуживание государственного и муниципального долга | B99: 89 | C99: 1 | D99: 00 | E99: 41240 | F99: 730 | G99: 13 | J99: =J100 -> 3.3 | K99: =K100 -> 3.3 | L99: =L100 -> 3.3
A100: Обслуживание государственного внутреннего и муниципального долга | B100: 89 | C100: 1 | D100: 00 | E100: 41240 | F100: 730 | G100: 13 | H100: 01 | J100: =J101 -> 3.3 | K100: =K101 -> 3.3 | L100: =L101 -> 3.3
A101: Администрация Пушкинского сельского поселения Кадошкинского муниципального района Республики Мордовия | B101: 89 | C101: 1 | D101: 00 | E101: 41240 | F101: 730 | G101: 13 | H101: 01 | I101: 919 | J101: ='Прил 5'!J115 -> 3.3 | K101: ='Прил 5'!K115 -> 3.3 | L101: ='Прил 5'!L115 -> 3.3
...

Sheet Прил 7
D1: Приложение 7
C2: к решению сессии Совета депутатов Пушкинского сельского поселения "О бюджете Пушкинского сельского поселения Кадошкинского муниципального района Республики Мордовия на 2021 год и на плановый период 2022 и 2023 годов"
A3: ИСТОЧНИКИ ВНУТРЕННЕГО ФИНАНСИРОВАНИЯ ДЕФИЦИТА БЮДЖЕТА ПУШКИНСКОГО СЕЛЬСКОГО ПОСЕЛЕНИЯ КАДОШКИНСКОГО МУНИЦИПАЛЬНОГО РАЙОНА РЕСПУБЛИКИ МОРДОВИЯ НА 2021 ГОД И НА ПЛАНОВЫЙ ПЕРИОД 2022 И 2023 ГОДОВ
E4: (тыс.руб.)
A5: Код | B5: НАИМЕНОВАНИЕ | C5: 2021 год | D5: 2022 год | E5: 2023 год
A6: 1 | B6: 2 | C6: 3 | D6: 4 | E6: 5
A7: 000 01 00 00 00 00 0000 000 | B7: ИСТОЧНИКИ ВНУТРЕННЕГО ФИНАНСИРОВАНИЯ ДЕФИЦИТОВ БЮДЖЕТОВ | C7: =C8+C15+C11 -> 51.4 | D7: =D8+D15+D11 -> 0 | E7: =E8+E15+E11 -> 0
A8: 000 01 02 00 00 00 0000 000 | B8: Кредиты кредитных организаций в валюте Российской Федерации | C8: =SUM(C9) -> 33.3 | D8: =SUM(D9) -> 66.6 | E8: =SUM(E9) -> 99.9
A9: 000 01 02 00 00 00 0000 700 | B9: Получение кредитов от кредитных организаций в валюте Российской Федерации | C9: =SUM(C10) -> 33.3 | D9: =SUM(D10) -> 66.6 | E9: =SUM(E10) -> 99.9
A10: 000 01 02 00 00 10 0000 710 | B10: Получение кредитов от кредитных организаций бюджетами сельских поселений в валюте Российской Федерации | C10: 33.3 | D10: 66.6 | E10: 99.9
A11: 000 01 03 00 00 00 0000 000 | B11: Бюджетные кредиты из других бюджетов бюджетной системы Российской Федерации | C11: =C12 -> -33.3 | D11: =D12 -> -66.6 | E11: =E12 -> -99.9
A12: 000 01 03 01 00 00 0000 800 | B12: Погашение бюджетных кредитов, полученных из других бюджетов бюджетной системы Российской Федерации в валюте Российской Федерации | C12: =C13 -> -33.3 | D12: =D13 -> -66.6 | E12: =E13 -> -99.9
A13: 000 01 03 01 00 10 0000 800 | B13: Погашение бюджетных кредитов, полученных из других бюджетов бюджетной системы Российской Федерации в валюте Российской Федерации | C13: =SUM(C14) -> -33.3 | D13: =SUM(D14) -> -66.6 | E13: =SUM(E14) -> -99.9
A14: 000 01 03 01 00 10 0000 810 | B14: Погашение бюджетами сельских поселений кредитов из других бюджетов бюджетной системы Российской Федерации в валюте Российской Федерации | C14: -33.3 | D14: -66.6 | E14: -99.9
A15: 000 01 05 00 00 00 0000 000 | B15: Изменение остатков средств на счетах по учету средств бюджетов | C15: =C18+C19 -> 51.4 | D15: =D18+D19 -> 0 | E15: =E18+E19 -> 0
A16: 000 01 05 02 00 00 0000 500 | B16: Увеличение прочих остатков средств бюджетов | C16: =SUM(C17) -> -2451.13 | D16: =SUM(D17) -> -1830.9 | E16: =SUM(E17) -> -2075.7
A17: 000 01 05 02 01 00 0000 510 | B17: Увеличение прочих остатков денежных средств бюджетов | C17: =SUM(C18) -> -2451.13 | D17: =SUM(D18) -> -1830.9 | E17: =SUM(E18) -> -2075.7
A18: 000 01 05 02 01 10 0000 510 | B18: Увеличение прочих остатков денежных средств бюджетов сельских поселений | C18: =-'Прил 3'!C9-C10 -> -2451.13 | D18: =-'Прил 3'!D9-D10 -> -1830.9 | E18: =-'Прил 3'!E9-E10 -> -2075.7
A19: 000 01 05 02 00 00 0000 600 | B19: Уменьшение прочих остатков средств бюджетов | C19: =SUM(C20) -> 2502.53 | D19: =SUM(D20) -> 1830.9 | E19: =SUM(E20) -> 2075.7
A20: 000 01 05 02 01 00 0000 610 | B20: Уменьшение прочих остатков денежных средств бюджетов | C20: =SUM(C21) -> 2502.53 | D20: =SUM(D21) -> 1830.9 | E20: =SUM(E21) -> 2075.7
A21: 000 01 05 02 01 10 0000 610 | B21: Уменьшение прочих остатков денежных средств местных бюджетов | C21: ='Прил 4 '!I8-C14 -> 2502.53 | D21: ='Прил 4 '!J8-D14 -> 1830.9 | E21: ='Прил 4 '!K8-E14 -> 2075.7
B22: Привлечение средств | C22: 33.3 | D22: 66.6 | E22: 99.9

Sheet Прил 8
D1: Приложение 8
C2: к решению сессии Совета депутатов Пушкинского сельского поселения "О бюджете Паевского сельского поселения Кадошкинского муниципального района Республики Мордовия на 2021 год и на плановый период 2022 и 2023 годов"
A3: ПРОГРАММА МУНИЦИПАЛЬНЫХ ВНУТРЕННИХ ЗАИМСТВОВАНИЙ ПУШКИНСКОГО СЕЛЬСКОГО ПОСЕЛЕНИЯ КАДОШКИНСКОГО МУНИЦИПАЛЬНОГО РАЙОНА РЕСПУБЛИКИ МОРДОВИЯ НА 2021 ГОД И НА ПЛАНОВЫЙ ПЕРИОД 2022 И 2023 ГОДОВ
E6: (тыс.руб.)
A7: № п/п | B7: ВИДЫ ЗАИМСТВОВАНИЙ | C7: Сумма
C8: 2021 год | D8: 2022 год | E8: 2023 год
A9: 1 | B9: 2 | C9: 3 | D9: 4 | E9: 5
A10: I | B10: Кредиты кредитных организаций в валюте Российской Федерации | C10: =C12 -> 33.3 | D10: =D12 -> 66.6 | E10: =E12 -> 99.9
B11: в том числе:
A12: 1 | B12: Объем привлечения | C12: 33.3 | D12: 66.6 | E12: 99.9
A13: 2 | B13: Объем средств, напрвляемых на погашение основной суммы долга
A14: II | B14: Бюджетные кредиты от других бюджетов бюджетной системы Российской Федерации | C14: =C17 -> -33.3 | D14: =D17 -> -66.6 | E14: =E17 -> -99.9
B15: в том числе
A16: 1 | B16: Объем привлечения
A17: 2 | B17: Объем средств, напрвляемых на погашение основной суммы долга | C17: -33.3 | D17: -66.6 | E17: -99.9
B18: ВСЕГО | C18: =C12+C17 -> 0 | D18: =D12+D17 -> 0 | E18: =E12+E17 -> 0
